Workbook
Name CLASE: #REF!
Name Descripción: #REF!
Name efectos: #REF!
Name FACTOR: #REF!

Sheet Matriz de Peligros 2019
A1: DESARROLLADO CON LA ASESORÍA DE POSITIVA COMPAÑÍA DE SEGUROS PARA INVIMA | AP1: QUÍMICOS
A2: MATRIZ DE IDENTIFICACIÓN DE PELIGROS, VALORACIÓN DE RIESGOS Y DETERMINACIÓN DE CONTROLES MODELO SEGÚN NORMA GTC 45 ICONTEC - 2012 | AP2: BIOLÓGICOS
AP3: BIOMECÁNICOS
AP4: CONDICIONES DE SEGURIDAD
A5: INFORMACIÓN GENERAL DE LA EMPRESA | AP5: PSICOSOCIAL
A6: Razón Social de la Empresa | I6: INSTITUTO NACIONAL DE VIGILANCIA DE MEDICAMENTOS Y ALIMENTOS "INVIMA" | X6: NIT | Y6: X | Z6: CC | AB6: CE | AE6: No. | AF6: 830000167 | AP6: FENÓMENOS NATURALES
A7: No. De Trabajadores de la dependencia | F7: 29 | H7: Dirección | I7: Calle 61 # 7 - 38 Barrio la Castellana | P7: Actividad Económica | S7: Administración Publica | X7: Clase(s) de Riesgos | AC7: Uno - Cuatro - Cinco
A8: Teléfono | C8: (034) 787 21 27 | I8: Responsable(s) de la empresa | L8: Jorge Antonio Torralvo Martinez | Q8: Departamento | X8: Cordoba | AB8: Ciudad/municipio | AD8: Montería
A9: INFORMACIÓN DE LA MATRIZ DE IDENTIFICACIÓN DE PELIGROS EN EL CENTRO DE TRABAJO
A10: Nombre del Centro de Trabajo | I10: GTT CC2 MONTERÍA | Y10: Fecha de actualización | AA10: 17 | AB10: 5 | AC10: 2019
A11: Levantamiento de la información en la matriz realizada por: | I11: Luz Angela Galeano Redondo | K11: Licencia en SO | L11: 1322 | M11: Fecha de expedición: | O11: sep | Q11: 2018 | T11: LÍDER SST | Y11: OLIVA EUGENIA LEON ALVARADO | AB11: Cargo | AD11: PROFESIONAL UNIVERSITARIO
A12: PROCESO | B12: LUGAR DE TRABAJO | C12: ACTIVIDAD | D12: TAREA | E12: TIPO ACTIVIDAD RUTINARIA / NO RUTINARIA | F12: DESCRIPCIÓN | G12: PELIGROS | I12: EFECTOS POSIBLES | J12: CONTROL EXISTENTE | M12: EVALUACIÓN DEL RIESGO | W12: CRITERIOS DE CONTROL MEDIDAS DE INTERVENCIÓN SUGERIDAS | AB12: MARCO LEGAL | AD12: OBSERVACIÓN
G13: CLASIFICACIÓN | J13: FUENTE | K13: MEDIO | L13: TRABAJADOR | M13: NIVEL DE DEFICIENCIA | N13: NIVEL DE EXPOSICIÓN | O13: NIVEL DE PROBABILIDAD | P13: INTERPRETACIÓN NIVEL DE PROBABILIDAD | Q13: NIVEL DE CONSECUENCIA | R13: NIVEL DE RIESGO | S13: INTERPRETACIÓN DEL NIVEL DE RIESGO | T13: ACEPTABILIDAD DEL RIESGO | U13: EXPUESTOS | V13: PEOR CONSECUENCIA | W13: ELIMINACIÓN | X13: SUSTITUCIÓN | Y13: CONTROL INGENIERÍA | Z13: CONTROLES ADMINISTRATIVOS, DOCUMENTAL Y ADVERTENCIA (SEÑALIZACIÓN / DELIMITACIÓN / DEMARCACIÓN) | AA13: CONTROL EN LA PERSONA (EQUIPOS / ELEMENTOS DE PROTECCIÓN PERSONAL, FORMACIÓN) | AB13: ASPECTOS LEGALES APLICABLES | AC13: RELACIÓN DE LOS REQUISITOS LEGALES APLICABLES
A15: IVC Medicamentos, Dispositivos Médicos y Cosméticos | B15: Plantas de producción Farmacéuticas Dispositivos Médicos Cosméticos Dentro y fuera de la Ciudad | C15: Inspección, verificación y control de las practicas de manufactura en las plantas visitadas y/o a las instalaciones. | D15: Inspección, verificación y control de las practicas de manufactura en las plantas visitadas Decomisos de materiales y sellamiento de instituciones | E15: Rutinaria | F15: Verificación de los Procesos de Bancos de sangre y hospitales | G15: BIOLÓGICOS | H15: VIRUS | I15: Infecciones, cuadros virales, entre otras enfermedades comunes. | J15: N/A | K15: N/A | L15: Esquemas de vacunación de HVB e influenza Uso de EPP como: Cofia, protector respiratorio, bata, guantes impermeables | M15: 2 | N15: 4 | O15: =+M15*N15 -> 8 | P15: =IF(O15=0,"N/A",IF(AND(O15>=1,O15<=4),"Bajo",IF(AND(O15>=6,O15<=9),"Medio",IF(AND(O15>=10,O15<=20),"Alto",IF(O15>=24,"Muy Alto"))))) -> Medio | Q15: 25 | R15: =+O15*Q15 -> 200 | S15: =IF(R15=0,"N/A",IF(AND(R15>=1,R15<=20),"IV",IF(AND(R15>=40,R15<=120),"III",IF(AND(R15>=150,R15<=500),"II",IF(R15>=600,"I"))))) -> II | T15: =IF(S15="I","No aceptable",IF(S15="II","Aceptable con Control Especifico",IF(S15=0,"","Aceptable"))) -> Aceptable con Control Especifico | U15: 13 | V15: Enfermedades generales con relación a la exposición del riesgo. | Z15: Implementar programa de vigilancia Epidemiológico para riesgo Biológico. Seguimiento y control de esquemas de vacunación Campañas auto cuidado Capacitación Riesgo biológico | AA15: Capacitación de Riesgo Biológico, sensibilización de auto cuidado enfocado a Riesgo Biológico. Suministrar con una mayor frecuencia los EPP: Cofia, protector respiratorio, bata, guantes de nitrilo o látex | AB15: Si | AC15: Ley Novena de 1979, Decreto 2240 de 1996, Decreto 2676 de 2000, Resolución 1164 de 2002, Ley 1562 de 2012
A16: IVC Medicamentos, Dispositivos Médicos y Cosméticos | B16: Plantas de producción Farmacéuticas Dispositivos Médicos Cosméticos Dentro y fuera de la Ciudad | C16: Inspección, verificación y control de las practicas de manufactura en las plantas visitadas y/o a las instalaciones. | D16: Inspección, verificación y control de las practicas de manufactura en las plantas visitadas Decomisos de materiales y sellamiento de instituciones | E16: Rutinaria | F16: Verificación de los Procesos de Bancos de sangre y hospitales | G16: BIOLÓGICOS | H16: BACTERIAS | I16: Infecciones, reacciones alérgicas, afecciones en la piel entre otras enfermedades comunes | J16: N/A | K16: N/A | L16: Cofia, protector respiratorio, bata, guantes de nitrilo o látex | M16: 2 | N16: 4 | O16: =+M16*N16 -> 8 | P16: =IF(O16=0,"N/A",IF(AND(O16>=1,O16<=4),"Bajo",IF(AND(O16>=6,O16<=9),"Medio",IF(AND(O16>=10,O16<=20),"Alto",IF(O16>=24,"Muy Alto"))))) -> Medio | Q16: 25 | R16: =+O16*Q16 -> 200 | S16: =IF(R16=0,"N/A",IF(AND(R16>=1,R16<=20),"IV",IF(AND(R16>=40,R16<=120),"III",IF(AND(R16>=150,R16<=500),"II",IF(R16>=600,"I"))))) -> II | T16: =IF(S16="I","No aceptable",IF(S16="II","Aceptable con Control Especifico",IF(S16=0,"","Aceptable"))) -> Aceptable con Control Especifico | U16: 13 | V16: Enfermedades generales con relación a la exposición del riesgo. | Z16: Implementar programa de vigilancia Epidemiológico para riesgo Biológico. Campañas de auto cuidado Capacitación Riesgo biológico uso de EPP | AA16: Capacitación de Riesgo Biológico, sensibilización de auto cuidado enfocado a Riesgo Biológico. Suministrar con una mayor frecuencia los EPP: Cofia, protector respiratorio, bata, guantes de nitrilo o látex | AB16: Si | AC16: Ley Novena de 1979, Decreto 2240 de 1996, Decreto 2676 de 2000, Resolución 1164 de 2002, Ley 1562 de 2012 | AD16: Presencia de archivo dentro del baño de los hombres.
A17: IVC Medicamentos, Dispositivos Médicos y Cosméticos | B17: Plantas de producción Farmacéuticas Dispositivos Médicos Cosméticos Dentro y fuera de la Ciudad | C17: Inspección, verificación y control de las practicas de manufactura en las plantas visitadas y/o a las instalaciones. | D17: Inspección, verificación y control de las practicas de manufactura en las plantas visitadas Decomisos de materiales y sellamiento de instituciones | E17: Rutinaria | F17: Verificación de los Procesos de Bancos de sangre y hospitales | G17: BIOLÓGICOS | H17: HONGOS | I17: Alergias, Irritaciones, problemas dermatológicos | J17: N/A | K17: N/A | L17: Cofia, protector respiratorio, bata, guantes de nitrilo o látex | M17: 2 | N17: 4 | O17: =+M17*N17 -> 8 | P17: =IF(O17=0,"N/A",IF(AND(O17>=1,O17<=4),"Bajo",IF(AND(O17>=6,O17<=9),"Medio",IF(AND(O17>=10,O17<=20),"Alto",IF(O17>=24,"Muy Alto"))))) -> Medio | Q17: 25 | R17: =+O17*Q17 -> 200 | S17: =IF(R17=0,"N/A",IF(AND(R17>=1,R17<=20),"IV",IF(AND(R17>=40,R17<=120),"III",IF(AND(R17>=150,R17<=500),"II",IF(R17>=600,"I"))))) -> II | T17: =IF(S17="I","No aceptable",IF(S17="II","Aceptable con Control Especifico",IF(S17=0,"","Aceptable"))) -> Aceptable con Control Especifico | U17: 13 | V17: Enfermedades generales con relación a la exposición del riesgo. | Z17: Implementar programa de vigilancia Epidemiológico para riesgo Biológico. Capacitación riesgo biológico Campañas de auto cuidado y uso de EPP | AA17: Capacitación de Riesgo Biológico, sensibilización de auto cuidado enfocado a Riesgo Biológico. Suministrar con una mayor frecuencia los EPP: Cofia, protector respiratorio, bata, guantes de nitrilo o látex | AB17: Si | AC17: Ley Novena de 1979, Decreto 2240 de 1996, Decreto 2676 de 2000, Resolución 1164 de 2002, Ley 1562 de 2012
A18: IVC Medicamentos, Dispositivos Médicos y Cosméticos | B18: Plantas de producción Farmacéuticas Dispositivos Médicos Cosméticos Dentro y fuera de la Ciudad | C18: Inspección, verificación y control de las practicas de manufactura en las plantas visitadas y/o a las instalaciones. | D18: Inspección, verificación y control de las practicas de manufactura en las plantas visitadas Decomisos de materiales y sellamiento de instituciones | E18: Rutinaria | F18: Comisiones a nivel regional y diferentes ambientes | G18: BIOLÓGICOS | H18: PARÁSITOS | I18: Infecciones gastrointestinales por consumo de alimentos contaminados | J18: N/A | K18: N/A | L18: Esquemas de vacunación de influenza, hepatitis y Tétanos | M18: 2 | N18: 4 | O18: =+M18*N18 -> 8 | P18: =IF(O18=0,"N/A",IF(AND(O18>=1,O18<=4),"Bajo",IF(AND(O18>=6,O18<=9),"Medio",IF(AND(O18>=10,O18<=20),"Alto",IF(O18>=24,"Muy Alto"))))) -> Medio | Q18: 25 | R18: =+O18*Q18 -> 200 | S18: =IF(R18=0,"N/A",IF(AND(R18>=1,R18<=20),"IV",IF(AND(R18>=40,R18<=120),"III",IF(AND(R18>=150,R18<=500),"II",IF(R18>=600,"I"))))) -> II | T18: =IF(S18="I","No aceptable",IF(S18="II","Aceptable con Control Especifico",IF(S18=0,"","Aceptable"))) -> Aceptable con Control Especifico | U18: 13 | V18: Enfermedades generales con relación a la exposición del riesgo. | Z18: Implementar programa de vigilancia Epidemiológico para riesgo Biológico. Seguimiento y control de esquemas de vacunación Campañas auto cuidado Capacitación Riesgo biológico | AA18: Capacitación de Riesgo Biológico, sensibilización de auto cuidado enfocado a Riesgo Biológico. | AB18: Si | AC18: Ley Novena de 1979, Decreto 2240 de 1996, Decreto 2676 de 2000, Resolución 1164 de 2002, Ley 1562 de 2012
A19: IVC Medicamentos, Dispositivos Médicos y Cosméticos | B19: Plantas de producción Farmacéuticas Dispositivos Médicos Cosméticos Dentro y fuera de la Ciudad | C19: Inspección, verificación y control de las practicas de manufactura en las plantas visitadas y/o a las instalaciones. | D19: Inspección, verificación y control de las practicas de manufactura en las plantas visitadas Decomisos de materiales y sellamiento de instituciones | E19: Rutinaria | F19: Realizan comisiones a nivel regional. | G19: BIOLÓGICOS | H19: PICADURAS | I19: Infecciones, reacciones alérgicas, afecciones en la piel entre otras enfermedades comunes | J19: N/A | K19: N/A | L19: Esquemas de vacunación de hepatitis y Tétanos | M19: 2 | N19: 4 | O19: =+M19*N19 -> 8 | P19: =IF(O19=0,"N/A",IF(AND(O19>=1,O19<=4),"Bajo",IF(AND(O19>=6,O19<=9),"Medio",IF(AND(O19>=10,O19<=20),"Alto",IF(O19>=24,"Muy Alto"))))) -> Medio | Q19: 25 | R19: =+O19*Q19 -> 200 | S19: =IF(R19=0,"N/A",IF(AND(R19>=1,R19<=20),"IV",IF(AND(R19>=40,R19<=120),"III",IF(AND(R19>=150,R19<=500),"II",IF(R19>=600,"I"))))) -> II | T19: =IF(S19="I","No aceptable",IF(S19="II","Aceptable con Control Especifico",IF(S19=0,"","Aceptable"))) -> Aceptable con Control Especifico | U19: 13 | V19: Enfermedades generales con relación a la exposición del riesgo. | Z19: Implementar programa de vigilancia Epidemiológico para riesgo Biológico. Seguimiento y control de esquemas de vacunación Campañas auto cuidado Capacitación Riesgo biológico | AA19: Capacitación de Riesgo Biológico, sensibilización de auto cuidado enfocado a Riesgo Biológico. | AB19: Si | AC19: Ley Novena de 1979, Decreto 2240 de 1996, Decreto 2676 de 2000, Resolución 1164 de 2002, Ley 1562 de 2012
A20: IVC Medicamentos, Dispositivos Médicos y Cosméticos | B20: Plantas de producción Farmacéuticas Dispositivos Médicos Cosméticos Dentro y fuera de la Ciudad | C20: Inspección, verificación y control de las practicas de manufactura en las plantas visitadas y/o a las instalaciones. | D20: Inspección, verificación y control de las practicas de manufactura en las plantas visitadas Decomisos de materiales y sellamiento de instituciones | E20: Rutinaria | F20: Presencia de compresores y equipos en empresas como fabricantes de gases medicinales (compresores), prótesis, en industria farmacéutica y cosmética por: agitadores, compactadoras, dosificadoras, tableteadoras, blisteadoras, entre otros equipos que generan ruido. | G20: FÍSICOS | H20: RUIDO CONTINUO | I20: Dolores de cabeza Lesiones auditivas | J20: N/A | K20: N/A | L20: N/A | M20: 6 | N20: 2 | O20: =+M20*N20 -> 12 | P20: =IF(O20=0,"N/A",IF(AND(O20>=1,O20<=4),"Bajo",IF(AND(O20>=6,O20<=9),"Medio",IF(AND(O20>=10,O20<=20),"Alto",IF(O20>=24,"Muy Alto"))))) -> Alto | Q20: 25 | R20: =+O20*Q20 -> 300 | S20: =IF(R20=0,"N/A",IF(AND(R20>=1,R20<=20),"IV",IF(AND(R20>=40,R20<=120),"III",IF(AND(R20>=150,R20<=500),"II",IF(R20>=600,"I"))))) -> II | T20: =IF(S20="I","No aceptable",IF(S20="II","Aceptable con Control Especifico",IF(S20=0,"","Aceptable"))) -> Aceptable con Control Especifico | U20: 13 | V20: Perdida de la capacidad auditiva | Z20: Capacitación uso de EPP, validar la posibilidad de realizar mediciones de higiene referentes a ruido ocupacional (sonometrías, dosimetrías) | AA20: Suministrar de manera frecuente los EPP necesarios para realizar la actividad : Protector auditivo de inserción si se esta expuesto al peligro | AB20: Si | AC20: Resolución 1972 de 1990 Resolución 8321 de 1983
A21: IVC Medicamentos, Dispositivos Médicos y Cosméticos | B21: Plantas de producción Farmacéuticas Dispositivos Médicos Cosméticos Dentro y fuera de la Ciudad | C21: Inspección, verificación y control de las practicas de manufactura en las plantas visitadas y/o a las instalaciones. | D21: Inspección, verificación y control de las practicas de manufactura en las plantas visitadas Decomisos de materiales y sellamiento de instituciones | E21: Rutinaria | F21: Diferentes procesos en la industria radio-farmacéutica que lo generan | G21: FÍSICOS | H21: RADIACIONES IONIZANTES RAYOS X, GAMA, BETA, ALFA. | I21: Daños en tejidos y órganos dependiendo de la dosis absorbida . | J21: N/A | K21: N/A | L21: N/A | M21: 6 | N21: 2 | O21: =+M21*N21 -> 12 | P21: =IF(O21=0,"N/A",IF(AND(O21>=1,O21<=4),"Bajo",IF(AND(O21>=6,O21<=9),"Medio",IF(AND(O21>=10,O21<=20),"Alto",IF(O21>=24,"Muy Alto"))))) -> Alto | Q21: 25 | R21: =+O21*Q21 -> 300 | S21: =IF(R21=0,"N/A",IF(AND(R21>=1,R21<=20),"IV",IF(AND(R21>=40,R21<=120),"III",IF(AND(R21>=150,R21<=500),"II",IF(R21>=600,"I"))))) -> II | T21: =IF(S21="I","No aceptable",IF(S21="II","Aceptable con Control Especifico",IF(S21=0,"","Aceptable"))) -> Aceptable con Control Especifico | U21: 13 | V21: Daños permanentes en el sistema digestivo, óseo, hematopoyético, reproductivo. | Z21: Capacitación uso de EPP, validar la posibilidad de realizar mediciones de higiene referentes a ruido ocupacional (sonometrías, dosimetrías) | AA21: Suministrar los EPP requeridos suministrados por la planta, para la actividad a realizar y exposición que va a tener el trabajador | AB21: Si | AC21: Resolución 2400 de 1979
A22: IVC Medicamentos, Dispositivos Médicos y Cosméticos | B22: Plantas de producción Farmacéuticas Dispositivos Médicos Cosméticos Dentro y fuera de la Ciudad | C22: Inspección, verificación y control de las practicas de manufactura en las plantas visitadas y/o a las instalaciones. | D22: Inspección, verificación y control de las practicas de manufactura en las plantas visitadas Decomisos de materiales y sellamiento de instituciones | E22: Rutinaria | F22: Producto en cadena de frio Cuartos fríos | G22: FÍSICOS | H22: TEMPERATURAS EXTREMAS FRIO | I22: Agotamiento físico lesiones dérmicas, Dolores de cabeza, resfriados, enfermedad general, sistema inmunológico bajo de defensas, estrés térmico, falta de sueño y disminución de rendimiento en el trabajo | J22: N/A | K22: N/A | L22: N/A | M22: 2 | N22: 2 | O22: =+M22*N22 -> 4 | P22: =IF(O22=0,"N/A",IF(AND(O22>=1,O22<=4),"Bajo",IF(AND(O22>=6,O22<=9),"Medio",IF(AND(O22>=10,O22<=20),"Alto",IF(O22>=24,"Muy Alto"))))) -> Bajo | Q22: 25 | R22: =+O22*Q22 -> 100 | S22: =IF(R22=0,"N/A",IF(AND(R22>=1,R22<=20),"IV",IF(AND(R22>=40,R22<=120),"III",IF(AND(R22>=150,R22<=500),"II",IF(R22>=600,"I"))))) -> III | T22: =IF(S22="I","No aceptable",IF(S22="II","Aceptable con Control Especifico",IF(S22=0,"","Aceptable"))) -> Aceptable | U22: 13 | V22: Hipotermia | Z22: Suministrar la ropa adecuada para ingreso a los cuartos fríos. Realizar campañas de auto cuidado | AA22: Suministrar los EPP necesarios para el ingreso a los cuartos fríos. | AB22: Si | AC22: Ley 9 de 1979
A23: IVC Medicamentos, Dispositivos Médicos y Cosméticos | B23: Plantas de producción Farmacéuticas Dispositivos Médicos Cosméticos Dentro y fuera de la Ciudad | C23: Inspección, verificación y control de las practicas de manufactura en las plantas visitadas y/o a las instalaciones. | D23: Inspección, verificación y control de las practicas de manufactura en las plantas visitadas Decomisos de materiales y sellamiento de instituciones | E23: Rutinaria | F23: Presencia de polvos en los diferentes procesos de la industria (órtesis y prótesis) u en el pulido dispersan volúmenes de polvo. | G23: QUÍMICOS | H23: Polvos Orgánicos | I23: Alergias, irritaciones, neumoconiosis | J23: N/A | K23: N/A | L23: N/A | M23: 2 | N23: 3 | O23: =+M23*N23 -> 6 | P23: =IF(O23=0,"N/A",IF(AND(O23>=1,O23<=4),"Bajo",IF(AND(O23>=6,O23<=9),"Medio",IF(AND(O23>=10,O23<=20),"Alto",IF(O23>=24,"Muy Alto"))))) -> Medio | Q23: 25 | R23: =+O23*Q23 -> 150 | S23: =IF(R23=0,"N/A",IF(AND(R23>=1,R23<=20),"IV",IF(AND(R23>=40,R23<=120),"III",IF(AND(R23>=150,R23<=500),"II",IF(R23>=600,"I"))))) -> II | T23: =IF(S23="I","No aceptable",IF(S23="II","Aceptable con Control Especifico",IF(S23=0,"","Aceptable"))) -> Aceptable con Control Especifico | U23: 13 | V23: Intoxicaciones graves. | Z23: Campañas de auto cuidado y uso de EPP Capacitación en prevención del riesgo químico | AA23: Suministrar lo EPP necesarios para la actividad: protector respiratorio N95 y guantes de látex o nitrilo | AB23: Si | AC23: Ley 9 de 1979, Resolución 2400 de 1979, Convenio 170 de 1990, Decreto 1843 de 1991, Ley 29 de 1992 Ley 55 de 1993, Ley 253 de 1996, Ley 320 de 1996, Decreto 1443 de 2014
A24: IVC Medicamentos, Dispositivos Médicos y Cosméticos | B24: Plantas de producción Farmacéuticas Dispositivos Médicos Cosméticos Dentro y fuera de la Ciudad | C24: Inspección, verificación y control de las practicas de manufactura en las plantas visitadas y/o a las instalaciones. | D24: Inspección, verificación y control de las practicas de manufactura en las plantas visitadas Decomisos de materiales y sellamiento de instituciones | E24: Rutinaria | F24: Uso de sustancias químicas en los procesos de las diferentes empresas (industria cosmética, farmacéutica, de aseo y plaguicidas) | G24: QUÍMICOS | H24: Gases y vapores | I24: Irritaciones en vías respiratorias | J24: N/A | K24: N/A | L24: N/A | M24: 6 | N24: 2 | O24: =+M24*N24 -> 12 | P24: =IF(O24=0,"N/A",IF(AND(O24>=1,O24<=4),"Bajo",IF(AND(O24>=6,O24<=9),"Medio",IF(AND(O24>=10,O24<=20),"Alto",IF(O24>=24,"Muy Alto"))))) -> Alto | Q24: 25 | R24: =+O24*Q24 -> 300 | S24: =IF(R24=0,"N/A",IF(AND(R24>=1,R24<=20),"IV",IF(AND(R24>=40,R24<=120),"III",IF(AND(R24>=150,R24<=500),"II",IF(R24>=600,"I"))))) -> II | T24: =IF(S24="I","No aceptable",IF(S24="II","Aceptable con Control Especifico",IF(S24=0,"","Aceptable"))) -> Aceptable con Control Especifico | U24: 13 | V24: Afecciones respiratorias, intoxicaciones y alergias | Z24: Campañas de auto cuidado y uso de EPP Capacitación en prevención del riesgo químico | AA24: Suministrar lo EPP necesarios para la actividad: protector respiratorio N95 y guantes de látex o nitrilo | AB24: Si | AC24: Ley 9 de 1979, Resolución 2400 de 1979, Convenio 170 de 1990, Decreto 1843 de 1991, Ley 29 de 1992 Ley 55 de 1993, Ley 253 de 1996, Ley 320 de 1996, Decreto 1443 de 2014
A25: IVC Medicamentos, Dispositivos Médicos y Cosméticos | B25: Plantas de producción Farmacéuticas Dispositivos Médicos Cosméticos Dentro y fuera de la Ciudad | C25: Inspección, verificación y control de las practicas de manufactura en las plantas visitadas y/o a las instalaciones. | D25: Inspección, verificación y control de las practicas de manufactura en las plantas visitadas Decomisos de materiales y sellamiento de instituciones | E25: Rutinaria | F25: El personal se encuentra la mayor parte del tiempo con suficiente carga laboral Jornadas de trabajo que se extienden Trabajo en horarios nocturnos Trato con diferentes tipo de clientes constantemente Sanciones y sellamientos de empresas | G25: PSICOSOCIAL | H25: Características de la organización (organización del trabajo) | I25: Estrés, irritabilidad, apatía laboral, desmotivación, falta de interés, baja productividad | J25: N/A | K25: Implementación de batería de riesgo psicosocial | L25: Talleres para reducción de Riesgo Psicosocial. | M25: 6 | N25: 3 | O25: =+M25*N25 -> 18 | P25: =IF(O25=0,"N/A",IF(AND(O25>=1,O25<=4),"Bajo",IF(AND(O25>=6,O25<=9),"Medio",IF(AND(O25>=10,O25<=20),"Alto",IF(O25>=24,"Muy Alto"))))) -> Alto | Q25: 25 | R25: =+O25*Q25 -> 450 | S25: =IF(R25=0,"N/A",IF(AND(R25>=1,R25<=20),"IV",IF(AND(R25>=40,R25<=120),"III",IF(AND(R25>=150,R25<=500),"II",IF(R25>=600,"I"))))) -> II | T25: =IF(S25="I","No aceptable",IF(S25="II","Aceptable con Control Especifico",IF(S25=0,"","Aceptable"))) -> Aceptable con Control Especifico | U25: 13 | V25: Diversas enfermedades psicológicas. | Z25: Capacitación en prevención del Riesgo Psicosocial, manejo de estrés y autocuidado, Seguimiento a resultados de la implementación de la batería de riesgo psicosocial, programa de pausas activas o actividades lúdicas | AA25: Capacitaciones en Trabajo en equipo, clima organizacional, motivación laboral, manejo de estrés, comunicación asertiva, relaciones interpersonales, prevención del estrés. | AB25: Si | AC25: Decreto 231 de 2006 Resolución 1016 de 1989 Resolución 734 de 2006 Resolución 2646 de 2008 Decreto 1832 de 1994
A26: IVC Medicamentos, Dispositivos Médicos y Cosméticos | B26: Plantas de producción Farmacéuticas Dispositivos Médicos Cosméticos Dentro y fuera de la Ciudad | C26: Inspección, verificación y control de las practicas de manufactura en las plantas visitadas y/o a las instalaciones. | D26: Inspección, verificación y control de las practicas de manufactura en las plantas visitadas Decomisos de materiales y sellamiento de instituciones | E26: Rutinaria | F26: El personal se encuentra la mayor parte del tiempo con suficiente carga laboral Jornadas de trabajo que se extienden | G26: PSICOSOCIAL | H26: Jornada de Trabajo | I26: Estrés, irritabilidad, apatía laboral, desmotivación, falta de interés, baja productividad | J26: N/A | K26: Implementación de batería de riesgo psicosocial | L26: Talleres para reducción de Riesgo Psicosocial. | M26: 6 | N26: 3 | O26: =+M26*N26 -> 18 | P26: =IF(O26=0,"N/A",IF(AND(O26>=1,O26<=4),"Bajo",IF(AND(O26>=6,O26<=9),"Medio",IF(AND(O26>=10,O26<=20),"Alto",IF(O26>=24,"Muy Alto"))))) -> Alto | Q26: 25 | R26: =+O26*Q26 -> 450 | S26: =IF(R26=0,"N/A",IF(AND(R26>=1,R26<=20),"IV",IF(AND(R26>=40,R26<=120),"III",IF(AND(R26>=150,R26<=500),"II",IF(R26>=600,"I"))))) -> II | T26: =IF(S26="I","No aceptable",IF(S26="II","Aceptable con Control Especifico",IF(S26=0,"","Aceptable"))) -> Aceptable con Control Especifico | U26: 13 | V26: Diversas enfermedades psicológicas. | Z26: Capacitación en prevención del Riesgo Psicosocial, manejo de estrés y autocuidado, Seguimiento a resultados de la implementación de la batería de riesgo psicosocial, programa de pausas activas o actividades lúdicas | AA26: Capacitaciones en Trabajo en equipo, clima organizacional, motivación laboral, manejo de estrés, comunicación asertiva, relaciones interpersonales, prevención del estrés. | AB26: Si | AC26: Ley 9 de 1979, Decreto 884 de 2012, ley 1010 de 2006, Ley 1566 de 2012, Resolución 652 de 2012, Decreto 231 de 2006, Resolución 1016 de 1989, Resolución 734 de 2006, Resolución 2646 de 2008, Decreto 1832 de 1994
A27: IVC Medicamentos, Dispositivos Médicos y Cosméticos | B27: Plantas de producción Farmacéuticas Dispositivos Médicos Cosméticos Dentro y fuera de la Ciudad | C27: Inspección, verificación y control de las practicas de manufactura en las plantas visitadas y/o a las instalaciones. | D27: Inspección, verificación y control de las practicas de manufactura en las plantas visitadas Decomisos de materiales y sellamiento de instituciones | E27: Rutinaria | F27: El personal se encuentra la mayor parte del tiempo con suficiente carga laboral Jornadas de trabajo que se extienden Trabajo en horarios nocturnos Trato con diferentes tipo de clientes constantemente Sanciones y sellamientos de empresas | G27: PSICOSOCIAL | H27: Condiciones de la Tarea (carga mental, contenido de la tarea, demandas emocionales, monotonía) | I27: Estrés, irritabilidad, apatía laboral, desmotivación, falta de interés, baja productividad | J27: N/A | K27: Implementación de batería de riesgo psicosocial | L27: Talleres para reducción de Riesgo Psicosocial. | M27: 6 | N27: 3 | O27: =+M27*N27 -> 18 | P27: =IF(O27=0,"N/A",IF(AND(O27>=1,O27<=4),"Bajo",IF(AND(O27>=6,O27<=9),"Medio",IF(AND(O27>=10,O27<=20),"Alto",IF(O27>=24,"Muy Alto"))))) -> Alto | Q27: 25 | R27: =+O27*Q27 -> 450 | S27: =IF(R27=0,"N/A",IF(AND(R27>=1,R27<=20),"IV",IF(AND(R27>=40,R27<=120),"III",IF(AND(R27>=150,R27<=500),"II",IF(R27>=600,"I"))))) -> II | T27: =IF(S27="I","No aceptable",IF(S27="II","Aceptable con Control Especifico",IF(S27=0,"","Aceptable"))) -> Aceptable con Control Especifico | U27: 13 | V27: Diversas enfermedades psicológicas. | Z27: Capacitación en prevención del Riesgo Psicosocial, manejo de estrés y autocuidado, Seguimiento a resultados de la implementación de la batería de riesgo psicosocial, programa de pausas activas o actividades lúdicas | AA27: Capacitaciones en Trabajo en equipo, clima organizacional, motivación laboral, manejo de estrés, comunicación asertiva, relaciones interpersonales, prevención del estrés. | AB27: Si | AC27: Ley 9 de 1979, Decreto 884 de 2012, ley 1010 de 2006, Ley 1566 de 2012, Resolución 652 de 2012, Decreto 231 de 2006, Resolución 1016 de 1989, Resolución 734 de 2006, Resolución 2646 de 2008, Decreto 1832 de 1994
A28: IVC Medicamentos, Dispositivos Médicos y Cosméticos | B28: Plantas de producción Farmacéuticas Dispositivos Médicos Cosméticos Dentro y fuera de la Ciudad | C28: Inspección, verificación y control de las practicas de manufactura en las plantas visitadas y/o a las instalaciones. | D28: Inspección, verificación y control de las practicas de manufactura en las plantas visitadas Decomisos de materiales y sellamiento de instituciones | E28: Rutinaria | F28: El personal se encuentra la mayor parte del tiempo con suficiente carga laboral Jornadas de trabajo que se extienden Trabajo en horarios nocturnos Trato con diferentes tipo de clientes constantemente Sanciones y sellamientos de empresas | G28: PSICOSOCIAL | H28: Condiciones de la Tarea (carga mental, contenido de la tarea, demandas emocionales, monotonía) | I28: Estrés, irritabilidad, apatía laboral, desmotivación, falta de interés, baja productividad | J28: N/A | K28: Implementación de batería de riesgo psicosocial | L28: Talleres para reducción de Riesgo Psicosocial. | M28: 6 | N28: 3 | O28: =+M28*N28 -> 18 | P28: =IF(O28=0,"N/A",IF(AND(O28>=1,O28<=4),"Bajo",IF(AND(O28>=6,O28<=9),"Medio",IF(AND(O28>=10,O28<=20),"Alto",IF(O28>=24,"Muy Alto"))))) -> Alto | Q28: 25 | R28: =+O28*Q28 -> 450 | S28: =IF(R28=0,"N/A",IF(AND(R28>=1,R28<=20),"IV",IF(AND(R28>=40,R28<=120),"III",IF(AND(R28>=150,R28<=500),"II",IF(R28>=600,"I"))))) -> II | T28: =IF(S28="I","No aceptable",IF(S28="II","Aceptable con Control Especifico",IF(S28=0,"","Aceptable"))) -> Aceptable con Control Especifico | U28: 13 | V28: Diversas enfermedades psicológicas. | Z28: Capacitación en prevención del Riesgo Psicosocial, manejo de estrés y autocuidado, Seguimiento a resultados de la implementación de la batería de riesgo psicosocial, programa de pausas activas o actividades lúdicas | AA28: Capacitaciones en Trabajo en equipo, clima organizacional, motivación laboral, manejo de estrés, comunicación asertiva, relaciones interpersonales, prevención del estrés. | AB28: Si | AC28: Ley 9 de 1979, Decreto 884 de 2012, ley 1010 de 2006, Ley 1566 de 2012, Resolución 652 de 2012, Decreto 231 de 2006, Resolución 1016 de 1989, Resolución 734 de 2006, Resolución 2646 de 2008, Decreto 1832 de 1994
A29: IVC Medicamentos, Dispositivos Médicos y Cosméticos | B29: Plantas de producción Farmacéuticas Dispositivos Médicos Cosméticos Dentro y fuera de la Ciudad | C29: Inspección, verificación y control de las practicas de manufactura en las plantas visitadas y/o a las instalaciones. | D29: Inspección, verificación y control de las practicas de manufactura en las plantas visitadas Decomisos de materiales y sellamiento de instituciones | E29: Rutinaria | F29: El personal se encuentra la mayor parte del tiempo con suficiente carga laboral Jornadas de trabajo que se extienden Trabajo en horarios nocturnos Trato con diferentes tipo de clientes constantemente Sanciones y sellamientos de empresas | G29: PSICOSOCIAL | H29: Condiciones de la Tarea (carga mental, contenido de la tarea, demandas emocionales, monotonía) | I29: Estrés, irritabilidad, apatía laboral, desmotivación, falta de interés, baja productividad | J29: N/A | K29: Implementación de batería de riesgo psicosocial | L29: Talleres para reducción de Riesgo Psicosocial. | M29: 6 | N29: 3 | O29: =+M29*N29 -> 18 | P29: =IF(O29=0,"N/A",IF(AND(O29>=1,O29<=4),"Bajo",IF(AND(O29>=6,O29<=9),"Medio",IF(AND(O29>=10,O29<=20),"Alto",IF(O29>=24,"Muy Alto"))))) -> Alto | Q29: 25 | R29: =+O29*Q29 -> 450 | S29: =IF(R29=0,"N/A",IF(AND(R29>=1,R29<=20),"IV",IF(AND(R29>=40,R29<=120),"III",IF(AND(R29>=150,R29<=500),"II",IF(R29>=600,"I"))))) -> II | T29: =IF(S29="I","No aceptable",IF(S29="II","Aceptable con Control Especifico",IF(S29=0,"","Aceptable"))) -> Aceptable con Control Especifico | U29: 13 | V29: Diversas enfermedades psicológicas. | Z29: Capacitación en prevención del Riesgo Psicosocial, manejo de estrés y autocuidado, Seguimiento a resultados de la implementación de la batería de riesgo psicosocial, programa de pausas activas o actividades lúdicas | AA29: Capacitaciones en Trabajo en equipo, clima organizacional, motivación laboral, manejo de estrés, comunicación asertiva, relaciones interpersonales, prevención del estrés.
A30: IVC Medicamentos, Dispositivos Médicos y Cosméticos | B30: Plantas de producción Farmacéuticas Dispositivos Médicos Cosméticos Dentro y fuera de la Ciudad | C30: Inspección, verificación y control de las practicas de manufactura en las plantas visitadas y/o a las instalaciones. | D30: Inspección, verificación y control de las practicas de manufactura en las plantas visitadas Decomisos de materiales y sellamiento de instituciones | E30: Rutinaria | F30: La actividad se realiza la mayoría del tiempo en postura sedente en áreas administrativas | G30: BIOMECÁNICOS | H30: POSTURA PROLONGADA | I30: Dolores de espalda, problemas osteomusculares | J30: N/A | K30: Implementación de batería de riesgo psicosocial | L30: PVE Riesgo biomecánico programa pausas activas | M30: 2 | N30: 4 | O30: =+M30*N30 -> 8 | P30: =IF(O30=0,"N/A",IF(AND(O30>=1,O30<=4),"Bajo",IF(AND(O30>=6,O30<=9),"Medio",IF(AND(O30>=10,O30<=20),"Alto",IF(O30>=24,"Muy Alto"))))) -> Medio | Q30: 25 | R30: =+O30*Q30 -> 200 | S30: =IF(R30=0,"N/A",IF(AND(R30>=1,R30<=20),"IV",IF(AND(R30>=40,R30<=120),"III",IF(AND(R30>=150,R30<=500),"II",IF(R30>=600,"I"))))) -> II | T30: =IF(S30="I","No aceptable",IF(S30="II","Aceptable con Control Especifico",IF(S30=0,"","Aceptable"))) -> Aceptable con Control Especifico | U30: 13 | V30: Desordenes musculo esqueléticos. | Z30: Dar continuidad al PVE riesgo biomecánico Campañas de auto cuidado y realizar de pausas activas | AA30: Realizar pausas activas durante su jornada laboral | AB30: Si | AC30: Resolución 2400 de 1979 Decreto 1443 de 2014 Decreto ley 1295 de 1994
A31: IVC Medicamentos, Dispositivos Médicos y Cosméticos | B31: Plantas de producción Farmacéuticas Dispositivos Médicos Cosméticos Dentro y fuera de la Ciudad | C31: Inspección, verificación y control de las practicas de manufactura en las plantas visitadas y/o a las instalaciones. | D31: Inspección, verificación y control de las practicas de manufactura en las plantas visitadas Decomisos de materiales y sellamiento de instituciones | E31: Rutinaria | F31: Actividades administrativas todo el tiempo uso de mouse y teclado | G31: BIOMECÁNICOS | H31: MOVIMIENTO REPETITIVO | I31: Dolores constantes y malestar en miembros superiores (manos, codos, hombros) Fatiga muscular. | J31: N/A | K31: Implementación de batería de riesgo psicosocial | L31: PVE Riesgo biomecánico Programa Pausas Activas | M31: 2 | N31: 2 | O31: =+M31*N31 -> 4 | P31: =IF(O31=0,"N/A",IF(AND(O31>=1,O31<=4),"Bajo",IF(AND(O31>=6,O31<=9),"Medio",IF(AND(O31>=10,O31<=20),"Alto",IF(O31>=24,"Muy Alto"))))) -> Bajo | Q31: 25 | R31: =+O31*Q31 -> 100 | S31: =IF(R31=0,"N/A",IF(AND(R31>=1,R31<=20),"IV",IF(AND(R31>=40,R31<=120),"III",IF(AND(R31>=150,R31<=500),"II",IF(R31>=600,"I"))))) -> III | T31: =IF(S31="I","No aceptable",IF(S31="II","Aceptable con Control Especifico",IF(S31=0,"","Aceptable"))) -> Aceptable | U31: 13 | V31: Desordenes musculo esqueléticos. | Z31: Dar continuidad al PVE riesgo biomecánico Campañas de auto cuidado y realizar de pausas activas | AA31: Realizar pausas activas durante su jornada laboral | AB31: Si | AC31: Resolución 2400 de 1979 Decreto 1443 de 2014 Decreto ley 1295 de 1994
A32: IVC Medicamentos, Dispositivos Médicos y Cosméticos | B32: Plantas de producción Farmacéuticas Dispositivos Médicos Cosméticos Dentro y fuera de la Ciudad | C32: Inspección, verificación y control de las practicas de manufactura en las plantas visitadas y/o a las instalaciones. | D32: Inspección, verificación y control de las practicas de manufactura en las plantas visitadas Decomisos de materiales y sellamiento de instituciones | E32: Rutinaria | F32: El personal se encuentra realizando trabajo administrativo en posición sedente realizando labores administrativas | G32: BIOMECÁNICOS | H32: POSTURA FORZADA | I32: Dolores osteomusculares Lesiones de columna | J32: N/A | K32: Implementación de batería de riesgo psicosocial | L32: PVE Riesgo biomecánico Programa Pausas Activas | M32: 2 | N32: 3 | O32: =+M32*N32 -> 6 | P32: =IF(O32=0,"N/A",IF(AND(O32>=1,O32<=4),"Bajo",IF(AND(O32>=6,O32<=9),"Medio",IF(AND(O32>=10,O32<=20),"Alto",IF(O32>=24,"Muy Alto"))))) -> Medio | Q32: 25 | R32: =+O32*Q32 -> 150 | S32: =IF(R32=0,"N/A",IF(AND(R32>=1,R32<=20),"IV",IF(AND(R32>=40,R32<=120),"III",IF(AND(R32>=150,R32<=500),"II",IF(R32>=600,"I"))))) -> II | T32: =IF(S32="I","No aceptable",IF(S32="II","Aceptable con Control Especifico",IF(S32=0,"","Aceptable"))) -> Aceptable con Control Especifico | U32: 13 | V32: Desordenes musculo esqueléticos. | Z32: Dar continuidad al PVE riesgo biomecánico Campañas de auto cuidado y realizar de pausas activas | AA32: Realizar pausas activas durante su jornada laboral | AB32: Si | AC32: Resolución 2400 de 1979 Decreto 1443 de 2014 Decreto ley 1295 de 1994
A33: IVC Medicamentos, Dispositivos Médicos y Cosméticos | B33: Plantas de producción Farmacéuticas Dispositivos Médicos Cosméticos Dentro y fuera de la Ciudad | C33: Inspección, verificación y control de las practicas de manufactura en las plantas visitadas y/o a las instalaciones. | D33: Inspección, verificación y control de las practicas de manufactura en las plantas visitadas Decomisos de materiales y sellamiento de instituciones | E33: Rutinaria | F33: Maquinaria y equipos en diferentes procesos El personal se encuentra manipulando cajones, gavetas, puertas de archivo en áreas administrativas. | G33: CONDICIONES DE SEGURIDAD | H33: Mecánico por elementos o partes de maquinas | I33: Contusiones, golpes, heridas, laceraciones en dedos y manos | J33: N/A | K33: Implementación de batería de riesgo psicosocial | L33: N/A | M33: 2 | N33: 4 | O33: =+M33*N33 -> 8 | P33: =IF(O33=0,"N/A",IF(AND(O33>=1,O33<=4),"Bajo",IF(AND(O33>=6,O33<=9),"Medio",IF(AND(O33>=10,O33<=20),"Alto",IF(O33>=24,"Muy Alto"))))) -> Medio | Q33: 25 | R33: =+O33*Q33 -> 200 | S33: =IF(R33=0,"N/A",IF(AND(R33>=1,R33<=20),"IV",IF(AND(R33>=40,R33<=120),"III",IF(AND(R33>=150,R33<=500),"II",IF(R33>=600,"I"))))) -> II | T33: =IF(S33="I","No aceptable",IF(S33="II","Aceptable con Control Especifico",IF(S33=0,"","Aceptable"))) -> Aceptable con Control Especifico | U33: 13 | V33: Heridas en tejidos blandos | Z33: Campañas de auto cuidado y orden y aseo en puestos de trabajo | AA33: Capacitación en reporte de actos y condiciones inseguras, capacitación en prevención del riesgo mecánico, atrapamiento o golpes con partes en movimiento. | AB33: Si | AC33: Resolución 2400 de 1979
A34: IVC Medicamentos, Dispositivos Médicos y Cosméticos | B34: Plantas de producción Farmacéuticas Dispositivos Médicos Cosméticos Dentro y fuera de la Ciudad | C34: Inspección, verificación y control de las practicas de manufactura en las plantas visitadas y/o a las instalaciones. | D34: Inspección, verificación y control de las practicas de manufactura en las plantas visitadas Decomisos de materiales y sellamiento de instituciones | E34: Rutinaria | F34: Manipulación de cosedoras, bisturís, grapadoras, saca ganchos etc. | G34: CONDICIONES DE SEGURIDAD | H34: Mecánico por (piezas a trabajar) | I34: Contusiones, golpes, heridas, laceraciones en dedos y manos | J34: N/A | K34: Implementación de batería de riesgo | L34: N/A | M34: 6 | N34: 3 | O34: =+M34*N34 -> 18 | P34: =IF(O34=0,"N/A",IF(AND(O34>=1,O34<=4),"Bajo",IF(AND(O34>=6,O34<=9),"Medio",IF(AND(O34>=10,O34<=20),"Alto",IF(O34>=24,"Muy Alto"))))) -> Alto | Q34: 25 | R34: =+O34*Q34 -> 450 | S34: =IF(R34=0,"N/A",IF(AND(R34>=1,R34<=20),"IV",IF(AND(R34>=40,R34<=120),"III",IF(AND(R34>=150,R34<=500),"II",IF(R34>=600,"I"))))) -> II | T34: =IF(S34="I","No aceptable",IF(S34="II","Aceptable con Control Especifico",IF(S34=0,"","Aceptable"))) -> Aceptable con Control Especifico | U34: 13 | V34: Heridas en tejidos blandos | Z34: Campañas de auto cuidado y orden y aseo en puestos de trabajo | AA34: Reporte de herramientas que se encuentren dañadas y/o deterioradas, capacitación en prevención del riesgo mecánico (cuidado de manos) | AB34: Si | AC34: Resolución 2400 de 1979
A35: IVC Medicamentos, Dispositivos Médicos y Cosméticos | B35: Plantas de producción Farmacéuticas Dispositivos Médicos Cosméticos Dentro y fuera de la Ciudad | C35: Inspección, verificación y control de las practicas de manufactura en las plantas visitadas y/o a las instalaciones. | D35: Inspección, verificación y control de las practicas de manufactura en las plantas visitadas Decomisos de materiales y sellamiento de instituciones | E35: Rutinaria | F35: Proyección de partículas en algunos de los procesos de las diferentes plantas | G35: CONDICIONES DE SEGURIDAD | H35: Mecánico por Materiales proyectados líquidos | I35: Irritaciones, lesiones dérmicas | J35: N/A | K35: Implementación de batería de riesgo | L35: N/A | M35: 6 | N35: 3 | O35: =+M35*N35 -> 18 | P35: =IF(O35=0,"N/A",IF(AND(O35>=1,O35<=4),"Bajo",IF(AND(O35>=6,O35<=9),"Medio",IF(AND(O35>=10,O35<=20),"Alto",IF(O35>=24,"Muy Alto"))))) -> Alto | Q35: 25 | R35: =+O35*Q35 -> 450 | S35: =IF(R35=0,"N/A",IF(AND(R35>=1,R35<=20),"IV",IF(AND(R35>=40,R35<=120),"III",IF(AND(R35>=150,R35<=500),"II",IF(R35>=600,"I"))))) -> II | T35: =IF(S35="I","No aceptable",IF(S35="II","Aceptable con Control Especifico",IF(S35=0,"","Aceptable"))) -> Aceptable con Control Especifico | U35: 13 | V35: Heridas en tejidos blandos | Z35: Capacitación uso de EPP | AA35: Suministrar con una mayor frecuencia los EPP: Cofia, protector respiratorio, bata, guantes de nitrilo o látex | AB35: Si | AC35: Resolución 2400 de 1979
A36: IVC Medicamentos, Dispositivos Médicos y Cosméticos | B36: Plantas de producción Farmacéuticas Dispositivos Médicos Cosméticos Dentro y fuera de la Ciudad | C36: Inspección, verificación y control de las practicas de manufactura en las plantas visitadas y/o a las instalaciones. | D36: Inspección, verificación y control de las practicas de manufactura en las plantas visitadas Decomisos de materiales y sellamiento de instituciones | E36: Rutinaria | F36: Proyección de partículas en algunos de los procesos de las diferentes plantas | G36: CONDICIONES DE SEGURIDAD | H36: Mecánico por materiales proyectados sólidos | I36: Golpes, irritaciones, lesiones dérmicas | J36: N/A | K36: Implementación de batería de riesgo | L36: N/A | M36: 6 | N36: 3 | O36: =+M36*N36 -> 18 | P36: =IF(O36=0,"N/A",IF(AND(O36>=1,O36<=4),"Bajo",IF(AND(O36>=6,O36<=9),"Medio",IF(AND(O36>=10,O36<=20),"Alto",IF(O36>=24,"Muy Alto"))))) -> Alto | Q36: 25 | R36: =+O36*Q36 -> 450 | S36: =IF(R36=0,"N/A",IF(AND(R36>=1,R36<=20),"IV",IF(AND(R36>=40,R36<=120),"III",IF(AND(R36>=150,R36<=500),"II",IF(R36>=600,"I"))))) -> II | T36: =IF(S36="I","No aceptable",IF(S36="II","Aceptable con Control Especifico",IF(S36=0,"","Aceptable"))) -> Aceptable con Control Especifico | U36: 13 | V36: Heridas en tejidos blandos | Z36: Capacitación uso de EPP | AA36: Suministrar con una mayor frecuencia los EPP: Cofia, protector respiratorio, bata, guantes de nitrilo o látex | AB36: Si | AC36: Resolución 2400 de 1979
A37: IVC Medicamentos, Dispositivos Médicos y Cosméticos | B37: Plantas de producción Farmacéuticas Dispositivos Médicos Cosméticos Dentro y fuera de la Ciudad | C37: Inspección, verificación y control de las practicas de manufactura en las plantas visitadas y/o a las instalaciones. | D37: Inspección, verificación y control de las practicas de manufactura en las plantas visitadas Decomisos de materiales y sellamiento de instituciones | E37: Rutinaria | F37: Comisiones a nivel regional | G37: CONDICIONES DE SEGURIDAD | H37: Accidentes de tránsito | I37: Heridas, contusiones, fracturas | J37: N/A | K37: Implementación de batería de riesgo | L37: Campañas y sensibilización de riesgo público | M37: 2 | N37: 3 | O37: =+M37*N37 -> 6 | P37: =IF(O37=0,"N/A",IF(AND(O37>=1,O37<=4),"Bajo",IF(AND(O37>=6,O37<=9),"Medio",IF(AND(O37>=10,O37<=20),"Alto",IF(O37>=24,"Muy Alto"))))) -> Medio | Q37: 60 | R37: =+O37*Q37 -> 360 | S37: =IF(R37=0,"N/A",IF(AND(R37>=1,R37<=20),"IV",IF(AND(R37>=40,R37<=120),"III",IF(AND(R37>=150,R37<=500),"II",IF(R37>=600,"I"))))) -> II | T37: =IF(S37="I","No aceptable",IF(S37="II","Aceptable con Control Especifico",IF(S37=0,"","Aceptable"))) -> Aceptable con Control Especifico | U37: 13 | V37: Invalidez, politraumatismos | Y37: Revisión tecnicomecanicas de vehículos. Inspección pre operacional de vehículos | Z37: Campañas de auto cuidado Capacitación riesgo publico y accidentes de tránsito, capacitación en seguridad vial y manejo defensivo, programa de seguridad vial o PESV (en caso de aplicar) | AA37: Realizar sensibilizaciones y capacitaciones en seguridad vial, normas de tránsito vigentes, comportamientos seguros Realizar capacitaciones en reporte de actos y condiciones inseguras asociadas a las condiciones de los vehículos | AB37: Si | AC37: Código Nacional de Transito, Decreto 1906/2015, Decreto 2851/2013, Ley 1503/2011, Resolución 1565/2011, Resolución 3027/2010
A38: IVC Medicamentos, Dispositivos Médicos y Cosméticos | B38: Plantas de producción Farmacéuticas Dispositivos Médicos Cosméticos Dentro y fuera de la Ciudad | C38: Inspección, verificación y control de las practicas de manufactura en las plantas visitadas y/o a las instalaciones. | D38: Inspección, verificación y control de las practicas de manufactura en las plantas visitadas Decomisos de materiales y sellamiento de instituciones | E38: Rutinaria | F38: Presencia de escalones y distintos niveles y superficies deslizantes | G38: CONDICIONES DE SEGURIDAD | H38: Locativo superficies de trabajo con diferencia de nivel | I38: Caídas a mismo y diferente nivel, golpes, lesiones | J38: N/A | K38: Implementación de batería de riesgo | L38: N/A | M38: 2 | N38: 4 | O38: =+M38*N38 -> 8 | P38: =IF(O38=0,"N/A",IF(AND(O38>=1,O38<=4),"Bajo",IF(AND(O38>=6,O38<=9),"Medio",IF(AND(O38>=10,O38<=20),"Alto",IF(O38>=24,"Muy Alto"))))) -> Medio | Q38: 25 | R38: =+O38*Q38 -> 200 | S38: =IF(R38=0,"N/A",IF(AND(R38>=1,R38<=20),"IV",IF(AND(R38>=40,R38<=120),"III",IF(AND(R38>=150,R38<=500),"II",IF(R38>=600,"I"))))) -> II | T38: =IF(S38="I","No aceptable",IF(S38="II","Aceptable con Control Especifico",IF(S38=0,"","Aceptable"))) -> Aceptable con Control Especifico | U38: 13 | V38: Politraumatismo. | Z38: Campañas de auto cuidado y prevención caídas, señalización | AA38: Capacitación en reporte de actos y condiciones inseguras. | AB38: Si | AC38: Resolución 2400 de 1979
A39: IVC Medicamentos, Dispositivos Médicos y Cosméticos | B39: Plantas de producción Farmacéuticas Dispositivos Médicos Cosméticos Dentro y fuera de la Ciudad | C39: Inspección, verificación y control de las practicas de manufactura en las plantas visitadas y/o a las instalaciones. | D39: Inspección, verificación y control de las practicas de manufactura en las plantas visitadas Decomisos de materiales y sellamiento de instituciones | E39: Rutinaria | F39: Trabajo con entidad publica Comisiones a nivel regional | G39: CONDICIONES DE SEGURIDAD | H39: Públicos por robos | I39: Traumas psicológicos, heridas, contusiones, golpes entre otras lesiones personales | J39: N/A | K39: N/A | L39: N/A | M39: 2 | N39: 4 | O39: =+M39*N39 -> 8 | P39: =IF(O39=0,"N/A",IF(AND(O39>=1,O39<=4),"Bajo",IF(AND(O39>=6,O39<=9),"Medio",IF(AND(O39>=10,O39<=20),"Alto",IF(O39>=24,"Muy Alto"))))) -> Medio | Q39: 60 | R39: =Q39*O39 -> 480 | S39: =IF(R39=0,"N/A",IF(AND(R39>=1,R39<=20),"IV",IF(AND(R39>=40,R39<=120),"III",IF(AND(R39>=150,R39<=500),"II",IF(R39>=600,"I"))))) -> II | T39: =IF(S39="I","No aceptable",IF(S39="II","Aceptable con Control Especifico",IF(S39=0,"","Aceptable"))) -> Aceptable con Control Especifico | U39: 13 | Z39: Campañas de auto cuidado Capacitación riesgo publico y accidentes de tránsito, programa de riesgo publico | AA39: Capacitación y sensibilización en riesgo público, enfocado en autocuidado. | AB39: Si | AC39: Resolución 2400 de 1979
A40: IVC Medicamentos, Dispositivos Médicos y Cosméticos | B40: Plantas de producción Farmacéuticas Dispositivos Médicos Cosméticos Dentro y fuera de la Ciudad | C40: Inspección, verificación y control de las practicas de manufactura en las plantas visitadas y/o a las instalaciones. | D40: Inspección, verificación y control de las practicas de manufactura en las plantas visitadas Decomisos de materiales y sellamiento de instituciones | E40: Rutinaria | F40: Trabajo con entidad publica Comisiones a nivel regional | G40: CONDICIONES DE SEGURIDAD | H40: Públicos por atracos | I40: Traumas psicológicos, heridas, contusiones, golpes entre otras lesiones personales | J40: N/A | K40: N/A | L40: N/A | M40: 2 | N40: 4 | O40: =+M40*N40 -> 8 | P40: =IF(O40=0,"N/A",IF(AND(O40>=1,O40<=4),"Bajo",IF(AND(O40>=6,O40<=9),"Medio",IF(AND(O40>=10,O40<=20),"Alto",IF(O40>=24,"Muy Alto"))))) -> Medio | Q40: 60 | R40: =Q40*O40 -> 480 | S40: =IF(R40=0,"N/A",IF(AND(R40>=1,R40<=20),"IV",IF(AND(R40>=40,R40<=120),"III",IF(AND(R40>=150,R40<=500),"II",IF(R40>=600,"I"))))) -> II | T40: =IF(S40="I","No aceptable",IF(S40="II","Aceptable con Control Especifico",IF(S40=0,"","Aceptable"))) -> Aceptable con Control Especifico | U40: 13 | V40: Lesiones múltiples. | Z40: Campañas de auto cuidado Capacitación riesgo publico y accidentes de tránsito, programa de riesgo publico | AA40: Capacitación y sensibilización en riesgo público, enfocado en autocuidado. | AB40: Si | AC40: Resolución 2400 de 1979
A41: IVC Medicamentos, Dispositivos Médicos y Cosméticos | B41: Plantas de producción Farmacéuticas Dispositivos Médicos Cosméticos Dentro y fuera de la Ciudad | C41: Inspección, verificación y control de las practicas de manufactura en las plantas visitadas y/o a las instalaciones. | D41: Inspección, verificación y control de las practicas de manufactura en las plantas visitadas Decomisos de materiales y sellamiento de instituciones | E41: Rutinaria | F41: Trabajo con entidad publica Comisiones a nivel regional | G41: CONDICIONES DE SEGURIDAD | H41: Públicos por asaltos | I41: Traumas psicológicos, heridas, contusiones, golpes entre otras lesiones personales | J41: N/A | K41: N/A | L41: N/A | M41: 2 | N41: 4 | O41: =+M41*N41 -> 8 | P41: =IF(O41=0,"N/A",IF(AND(O41>=1,O41<=4),"Bajo",IF(AND(O41>=6,O41<=9),"Medio",IF(AND(O41>=10,O41<=20),"Alto",IF(O41>=24,"Muy Alto"))))) -> Medio | Q41: 60 | R41: =Q41*O41 -> 480 | S41: =IF(R41=0,"N/A",IF(AND(R41>=1,R41<=20),"IV",IF(AND(R41>=40,R41<=120),"III",IF(AND(R41>=150,R41<=500),"II",IF(R41>=600,"I"))))) -> II | T41: =IF(S41="I","No aceptable",IF(S41="II","Aceptable con Control Especifico",IF(S41=0,"","Aceptable"))) -> Aceptable con Control Especifico | U41: 13 | V41: Lesiones múltiples. | Z41: Campañas de auto cuidado Capacitación riesgo publico y accidentes de tránsito, programa de riesgo publico | AA41: N/A | AB41: Si | AC41: Resolución 2400 de 1979
A42: IVC Medicamentos, Dispositivos Médicos y Cosméticos | B42: Plantas de producción Farmacéuticas Dispositivos Médicos Cosméticos Dentro y fuera de la Ciudad | C42: Inspección, verificación y control de las practicas de manufactura en las plantas visitadas y/o a las instalaciones. | D42: Inspección, verificación y control de las practicas de manufactura en las plantas visitadas Decomisos de materiales y sellamiento de instituciones | E42: Rutinaria | F42: Trabajo con entidad publica Comisiones a nivel regional | G42: CONDICIONES DE SEGURIDAD | H42: Públicos por atentados | I42: Traumas psicológicos, heridas, contusiones, golpes entre otras lesiones personales | J42: N/A | K42: N/A | L42: N/A | M42: 2 | N42: 4 | O42: =+M42*N42 -> 8 | P42: =IF(O42=0,"N/A",IF(AND(O42>=1,O42<=4),"Bajo",IF(AND(O42>=6,O42<=9),"Medio",IF(AND(O42>=10,O42<=20),"Alto",IF(O42>=24,"Muy Alto"))))) -> Medio | Q42: 60 | R42: =Q42*O42 -> 480 | S42: =IF(R42=0,"N/A",IF(AND(R42>=1,R42<=20),"IV",IF(AND(R42>=40,R42<=120),"III",IF(AND(R42>=150,R42<=500),"II",IF(R42>=600,"I"))))) -> II | T42: =IF(S42="I","No aceptable",IF(S42="II","Aceptable con Control Especifico",IF(S42=0,"","Aceptable"))) -> Aceptable con Control Especifico | U42: 13 | V42: Lesiones múltiples. | Z42: Campañas de auto cuidado Capacitación riesgo publico y accidentes de tránsito, programa de riesgo publico | AA42: Capacitación y sensibilización en riesgo público, enfocado en autocuidado. | AB42: Si | AC42: Resolución 2400 de 1979
A43: IVC Medicamentos, Dispositivos Médicos y Cosméticos | B43: Plantas de producción Farmacéuticas Dispositivos Médicos Cosméticos Dentro y fuera de la Ciudad | C43: Inspección, verificación y control de las practicas de manufactura en las plantas visitadas y/o a las instalaciones. | D43: Inspección, verificación y control de las practicas de manufactura en las plantas visitadas Decomisos de materiales y sellamiento de instituciones | E43: Rutinaria | F43: Trabajo con entidad publica Comisiones a nivel regional | G43: CONDICIONES DE SEGURIDAD | H43: Públicos por orden publico | I43: Traumas psicológicos, heridas, contusiones, golpes entre otras lesiones personales | J43: N/A | K43: N/A | L43: N/A | M43: 2 | N43: 4 | O43: =+M43*N43 -> 8 | P43: =IF(O43=0,"N/A",IF(AND(O43>=1,O43<=4),"Bajo",IF(AND(O43>=6,O43<=9),"Medio",IF(AND(O43>=10,O43<=20),"Alto",IF(O43>=24,"Muy Alto"))))) -> Medio | Q43: 60 | R43: =Q43*O43 -> 480 | S43: =IF(R43=0,"N/A",IF(AND(R43>=1,R43<=20),"IV",IF(AND(R43>=40,R43<=120),"III",IF(AND(R43>=150,R43<=500),"II",IF(R43>=600,"I"))))) -> II | T43: =IF(S43="I","No aceptable",IF(S43="II","Aceptable con Control Especifico",IF(S43=0,"","Aceptable"))) -> Aceptable con Control Especifico | U43: 13 | Z43: Campañas de auto cuidado Capacitación riesgo publico y accidentes de tránsito programa de riesgo publico | AA43: Capacitación y sensibilización en riesgo público, enfocado en autocuidado. | AB43: Si | AC43: Resolución 2400 de 1979
A44: IVC Medicamentos, Dispositivos Médicos y Cosméticos | B44: Plantas de producción Farmacéuticas Dispositivos Médicos Cosméticos Dentro y fuera de la Ciudad | C44: Inspección, verificación y control de las practicas de manufactura en las plantas visitadas y/o a las instalaciones. | D44: Inspección, verificación y control de las practicas de manufactura en las plantas visitadas Decomisos de materiales y sellamiento de instituciones | E44: Rutinaria | F44: Verificación de procesos en áreas a una altura mayor de 1.50mts | G44: CONDICIONES DE SEGURIDAD | H44: Trabajo en alturas | I44: Caídas, Golpes, traumas, fracturas | J44: N/A | K44: N/A | L44: Curso criticado de trabajo en alturas. Capacitación de prevención caídas. | M44: 2 | N44: 2 | O44: =+M44*N44 -> 4 | P44: =IF(O44=0,"N/A",IF(AND(O44>=1,O44<=4),"Bajo",IF(AND(O44>=6,O44<=9),"Medio",IF(AND(O44>=10,O44<=20),"Alto",IF(O44>=24,"Muy Alto"))))) -> Bajo | Q44: 100 | R44: =+O44*Q44 -> 400 | S44: =IF(R44=0,"N/A",IF(AND(R44>=1,R44<=20),"IV",IF(AND(R44>=40,R44<=120),"III",IF(AND(R44>=150,R44<=500),"II",IF(R44>=600,"I"))))) -> II | T44: =IF(S44="I","No aceptable",IF(S44="II","Aceptable con Control Especifico",IF(S44=0,"","Aceptable"))) -> Aceptable con Control Especifico | U44: 13 | V44: Muerte | Z44: Campañas de auto cuidado Curso de trabajo seguro en alturas según resolución 1409 de 2012, programa de protección contra caídas, listas de chequeo, ATS, permisos de trabajo | AA44: Uso de los EPP para realizar la actividad, Equipos de protección contra caídas | AB44: Si | AC44: Resolución 2400 de 1979
A45: IVC Alimentos | B45: Plantas de Alimentos ( Dentro y fuera de la Ciudad) | C45: Inspección, verificación y control de las practicas de manufactura en las plantas de Alimentos | D45: Inspección, verificación y control de las practicas de manufactura en las plantas visitadas Decomisos de materiales y sellamiento de instituciones | E45: Rutinaria | F45: Exposición a diferentes ambientes de trabajo Verificación de los Procesos en plantas de alimentos | G45: BIOLÓGICOS | H45: VIRUS | I45: Infecciones, cuadros virales, entre otras enfermedades comunes. | J45: N/A | K45: N/A | L45: Capacitación en Riesgo Biológico Capacitación en uso y manejo de EPP Esquemas de vacunación de Tétanos, hepatitis Uso de EPP como: Cofia, protector respiratorio N95 y el protector respiratorio de concha, bata desechable en forma eventual, guantes de nitrilo, botas de cuero tipo ingeniero con puntera reforzada, Monogafas, protectores auditivos . | M45: 2 | N45: 4 | O45: =+M45*N45 -> 8 | P45: =IF(O45=0,"N/A",IF(AND(O45>=1,O45<=4),"Bajo",IF(AND(O45>=6,O45<=9),"Medio",IF(AND(O45>=10,O45<=20),"Alto",IF(O45>=24,"Muy Alto"))))) -> Medio | Q45: 25 | R45: =+O45*Q45 -> 200 | S45: =IF(R45=0,"N/A",IF(AND(R45>=1,R45<=20),"IV",IF(AND(R45>=40,R45<=120),"III",IF(AND(R45>=150,R45<=500),"II",IF(R45>=600,"I"))))) -> II | T45: =IF(S45="I","No aceptable",IF(S45="II","Aceptable con Control Especifico",IF(S45=0,"","Aceptable"))) -> Aceptable con Control Especifico | U45: 13 | V45: Enfermedades generales con relación a la exposición del riesgo. | Z45: Implementar programa de vigilancia Epidemiológico para riesgo Biológico. Seguimiento y control de esquemas de vacunación Campañas auto cuidado Capacitación Riesgo biológicos Seguimiento a exámenes periódicos Capacitación uso de EPP | AA45: Suministrar de forma frecuente los EPP como: Cofia, protector respiratorio, bata, guantes de nitrilo o látex | AB45: Si | AC45: Ley Novena de 1979, Decreto 2240 de 1996, Decreto 2676 de 2000, Resolución 1164 de 2002, Ley 1562 de 2012
A46: IVC Alimentos | B46: Plantas de Alimentos ( Dentro y fuera de la Ciudad). | C46: Inspección, verificación y control de las practicas de manufactura en las plantas de Alimentos. | D46: Inspección, verificación y control de las practicas de manufactura en las plantas visitadas Decomisos de materiales y sellamiento de instituciones | E46: Rutinaria | F46: Verificación de los Procesos en plantas de alimentos, expuesto a la contaminación de alimentos y materias primas. | G46: BIOLÓGICOS | H46: BACTERIAS | I46: Infecciones, reacciones alérgicas, afecciones en la piel entre otras enfermedades comunes | J46: N/A | K46: N/A | L46: Cofia, protector respiratorio, bata, guantes de nitrilo o látex | M46: 2 | N46: 4 | O46: =+M46*N46 -> 8 | P46: =IF(O46=0,"N/A",IF(AND(O46>=1,O46<=4),"Bajo",IF(AND(O46>=6,O46<=9),"Medio",IF(AND(O46>=10,O46<=20),"Alto",IF(O46>=24,"Muy Alto"))))) -> Medio | Q46: 25 | R46: =+O46*Q46 -> 200 | S46: =IF(R46=0,"N/A",IF(AND(R46>=1,R46<=20),"IV",IF(AND(R46>=40,R46<=120),"III",IF(AND(R46>=150,R46<=500),"II",IF(R46>=600,"I"))))) -> II | T46: =IF(S46="I","No aceptable",IF(S46="II","Aceptable con Control Especifico",IF(S46=0,"","Aceptable"))) -> Aceptable con Control Especifico | U46: 13 | V46: Enfermedades generales con relación a la exposición del riesgo. | Z46: Implementar programa de vigilancia Epidemiológico para riesgo Biológico. Campañas de auto cuidado Capacitación Riesgo biológico uso de EPP | AA46: Capacitación de Riesgo Biológico, sensibilización de auto cuidado enfocado a Riesgo Biológico. Suministrar con una mayor frecuencia los EPP: Cofia, protector respiratorio, bata, guantes de nitrilo o látex | AB46: Si | AC46: Ley Novena de 1979, Decreto 2240 de 1996, Decreto 2676 de 2000, Resolución 1164 de 2002, Ley 1562 de 2012 | AD46: Presencia de archivo dentro del baño de los hombres.
A47: IVC Alimentos | B47: Plantas de Alimentos ( Dentro y fuera de la Ciudad) | C47: Inspección, verificación y control de las practicas de manufactura en las plantas de Alimentos | D47: Inspección, verificación y control de las practicas de manufactura en las plantas visitadas Decomisos de materiales y sellamiento de instituciones | E47: Rutinaria | F47: Verificación de los Procesos en plantas de alimentos contaminación de alimentos materias primas. | G47: BIOLÓGICOS | H47: HONGOS | I47: Alergias, Irritaciones, problemas dermatológicos | J47: N/A | K47: N/A | L47: Cofia, protector respiratorio, bata, guantes de nitrilo o látex | M47: 2 | N47: 4 | O47: =+M47*N47 -> 8 | P47: =IF(O47=0,"N/A",IF(AND(O47>=1,O47<=4),"Bajo",IF(AND(O47>=6,O47<=9),"Medio",IF(AND(O47>=10,O47<=20),"Alto",IF(O47>=24,"Muy Alto"))))) -> Medio | Q47: 25 | R47: =+O47*Q47 -> 200 | S47: =IF(R47=0,"N/A",IF(AND(R47>=1,R47<=20),"IV",IF(AND(R47>=40,R47<=120),"III",IF(AND(R47>=150,R47<=500),"II",IF(R47>=600,"I"))))) -> II | T47: =IF(S47="I","No aceptable",IF(S47="II","Aceptable con Control Especifico",IF(S47=0,"","Aceptable"))) -> Aceptable con Control Especifico | U47: 13 | V47: Enfermedades generales con relación a la exposición del riesgo. | Z47: Implementar programa de vigilancia Epidemiológico para riesgo Biológico. Capacitación riesgo biológico Campañas de auto cuidado | AA47: Capacitación de Riesgo Biológico, sensibilización de auto cuidado enfocado a Riesgo Biológico. Suministrar con una mayor frecuencia los EPP: Cofia, protector respiratorio, bata, guantes de nitrilo o látex | AB47: Si | AC47: Ley Novena de 1979, Decreto 2240 de 1996, Decreto 2676 de 2000, Resolución 1164 de 2002, Ley 1562 de 2012
A48: IVC Alimentos | B48: Plantas de Alimentos ( Dentro y fuera de la Ciudad) | C48: Inspección, verificación y control de las practicas de manufactura en las plantas de Alimentos | D48: Inspección, verificación y control de las practicas de manufactura en las plantas visitadas Decomisos de materiales y sellamiento de instituciones | E48: Rutinaria | F48: Realizan comisiones a nivel nacional susceptible a presencia de mosquitos, zancudos en diferentes ambientes | G48: BIOLÓGICOS | H48: PARÁSITOS | I48: Lesiones, infecciones parasitarias | J48: N/A | K48: N/A | L48: Esquemas de vacunación de hepatitis y Tétanos | M48: 2 | N48: 4 | O48: =+M48*N48 -> 8 | P48: =IF(O48=0,"N/A",IF(AND(O48>=1,O48<=4),"Bajo",IF(AND(O48>=6,O48<=9),"Medio",IF(AND(O48>=10,O48<=20),"Alto",IF(O48>=24,"Muy Alto"))))) -> Medio | Q48: 25 | R48: =+O48*Q48 -> 200 | S48: =IF(R48=0,"N/A",IF(AND(R48>=1,R48<=20),"IV",IF(AND(R48>=40,R48<=120),"III",IF(AND(R48>=150,R48<=500),"II",IF(R48>=600,"I"))))) -> II | T48: =IF(S48="I","No aceptable",IF(S48="II","Aceptable con Control Especifico",IF(S48=0,"","Aceptable"))) -> Aceptable con Control Especifico | U48: 13 | V48: Enfermedades generales con relación a la exposición del riesgo. | Z48: Implementar programa de vigilancia Epidemiológico para riesgo Biológico. Seguimiento y control de esquemas de vacunación Campañas auto cuidado Capacitación Riesgo biológico Seguimiento a exámenes periódicos | AA48: Capacitación de Riesgo Biológico, sensibilización de auto cuidado enfocado a Riesgo Biológico. | AB48: Si | AC48: Ley Novena de 1979, Decreto 2240 de 1996, Decreto 2676 de 2000, Resolución 1164 de 2002, Ley 1562 de 2012
A49: IVC Alimentos | B49: Plantas de Alimentos ( Dentro y fuera de la Ciudad) | C49: Inspección, verificación y control de las practicas de manufactura en las plantas de Alimentos | D49: Inspección, verificación y control de las practicas de manufactura en las plantas visitadas Decomisos de materiales y sellamiento de instituciones | E49: Rutinaria | F49: Desplazamiento a pie para realizar la verificación de áreas que pueden tener presencia de Chinches y garrapatas, zancudos, y demás mosquitos. | G49: BIOLÓGICOS | H49: PICADURAS | I49: Infecciones, reacciones alérgicas, afecciones en la piel entre otras enfermedades comunes | J49: N/A | K49: N/A | L49: Esquemas de vacunación de hepatitis B y Tétanos | M49: 2 | N49: 4 | O49: =+M49*N49 -> 8 | P49: =IF(O49=0,"N/A",IF(AND(O49>=1,O49<=4),"Bajo",IF(AND(O49>=6,O49<=9),"Medio",IF(AND(O49>=10,O49<=20),"Alto",IF(O49>=24,"Muy Alto"))))) -> Medio | Q49: 25 | R49: =+O49*Q49 -> 200 | S49: =IF(R49=0,"N/A",IF(AND(R49>=1,R49<=20),"IV",IF(AND(R49>=40,R49<=120),"III",IF(AND(R49>=150,R49<=500),"II",IF(R49>=600,"I"))))) -> II | T49: =IF(S49="I","No aceptable",IF(S49="II","Aceptable con Control Especifico",IF(S49=0,"","Aceptable"))) -> Aceptable con Control Especifico | U49: 13 | V49: Enfermedades generales con relación a la exposición del riesgo. | Z49: Implementar programa de vigilancia Epidemiológico para riesgo Biológico. Seguimiento y control de esquemas de vacunación Campañas auto cuidado Capacitación Riesgo biológico Seguimiento a exámenes periódicos | AA49: Capacitación de Riesgo Biológico, sensibilización de auto cuidado enfocado a Riesgo Biológico. | AB49: Si | AC49: Ley Novena de 1979, Decreto 2240 de 1996, Decreto 2676 de 2000, Resolución 1164 de 2002, Ley 1562 de 2012
A50: IVC Alimentos | B50: Plantas de Alimentos ( Dentro y fuera de la Ciudad) | C50: Inspección, verificación y control de las practicas de manufactura en las plantas de Alimentos | D50: Inspección, verificación y control de las practicas de manufactura en las plantas visitadas Decomisos de materiales y sellamiento de instituciones | E50: Rutinaria | F50: Comisiones en zonas rurales presencia de serpientes, gatos, perros, zarigüeyas y animales silvestres | G50: BIOLÓGICOS | H50: MORDEDURAS | I50: Enfermedades infectocontagiosas Rabia, meningitis. | J50: N/A | K50: N/A | L50: Esquemas de vacunación de hepatitis y Tétanos | M50: 2 | N50: 4 | O50: =+M50*N50 -> 8 | P50: =IF(O50=0,"N/A",IF(AND(O50>=1,O50<=4),"Bajo",IF(AND(O50>=6,O50<=9),"Medio",IF(AND(O50>=10,O50<=20),"Alto",IF(O50>=24,"Muy Alto"))))) -> Medio | Q50: 25 | R50: =+O50*Q50 -> 200 | S50: =IF(R50=0,"N/A",IF(AND(R50>=1,R50<=20),"IV",IF(AND(R50>=40,R50<=120),"III",IF(AND(R50>=150,R50<=500),"II",IF(R50>=600,"I"))))) -> II | T50: =IF(S50="I","No aceptable",IF(S50="II","Aceptable con Control Especifico",IF(S50=0,"","Aceptable"))) -> Aceptable con Control Especifico | U50: 13 | V50: Enfermedades generales con relación a la exposición del riesgo. | Z50: Implementar programa de vigilancia Epidemiológico para riesgo Biológico. Seguimiento y control de esquemas de vacunación Campañas auto cuidado Capacitación Riesgo biológico Seguimiento a exámenes periódicos | AA50: Capacitación en Riesgo Bilógico enfocado en autocuidado. | AB50: Si | AC50: Ley Novena de 1979, Decreto 2240 de 1996, Decreto 2676 de 2000, Resolución 1164 de 2002, Ley 1562 de 2012
A51: IVC Alimentos | B51: Plantas de Alimentos ( Dentro y fuera de la Ciudad) | C51: Inspección, verificación y control de las practicas de manufactura en las plantas de Alimentos | D51: Inspección, verificación y control de las practicas de manufactura en las plantas visitadas Decomisos de materiales y sellamiento de instituciones | E51: Rutinaria | F51: Procesos operativos, maquinaria en fabricas generadores de ruido (molinos: bolas, martillo, disco), cúter, mezcladores que en este caso es el motor, motobombas, agitadores, mezcladores, entre otros | G51: FÍSICOS | H51: RUIDO CONTINUO | I51: Dolores de cabeza Lesiones auditivas | J51: N/A | K51: N/A | L51: N/A | M51: 6 | N51: 2 | O51: =+M51*N51 -> 12 | P51: =IF(O51=0,"N/A",IF(AND(O51>=1,O51<=4),"Bajo",IF(AND(O51>=6,O51<=9),"Medio",IF(AND(O51>=10,O51<=20),"Alto",IF(O51>=24,"Muy Alto"))))) -> Alto | Q51: 25 | R51: =+O51*Q51 -> 300 | S51: =IF(R51=0,"N/A",IF(AND(R51>=1,R51<=20),"IV",IF(AND(R51>=40,R51<=120),"III",IF(AND(R51>=150,R51<=500),"II",IF(R51>=600,"I"))))) -> II | T51: =IF(S51="I","No aceptable",IF(S51="II","Aceptable con Control Especifico",IF(S51=0,"","Aceptable"))) -> Aceptable con Control Especifico | U51: 13 | V51: Perdida de la capacidad auditiva | Z51: Capacitación uso de EPP, validar la posibilidad de realizar mediciones de higiene referentes a ruido ocupacional (sonometrías, dosimetrías) | AA51: Suministrar de manera frecuente los EPP necesarios para la exposición al riesgo. | AB51: Si | AC51: Resolución 1972 de 1990 Resolución 8321 de 1983
A52: IVC Alimentos | B52: Plantas de Alimentos ( Dentro y fuera de la Ciudad) | C52: Inspección, verificación y control de las practicas de manufactura en las plantas de Alimentos | D52: Inspección, verificación y control de las practicas de manufactura en las plantas visitadas Decomisos de materiales y sellamiento de instituciones | E52: Rutinaria | F52: Pasan de temperaturas ambientales a cuartos fríos y a las áreas de cocción, horneado y deshidratado, donde hay altas temperaturas. | G52: FÍSICOS | H52: DISCONFORTERMICO | I52: Dolores de cabeza, resfriados, enfermedad general, sistema inmunológico bajo de defensas, estrés térmico, falta de sueño y disminución de rendimiento en el trabajo | J52: N/A | K52: N/A | L52: Campañas de auto cuidado | M52: 6 | N52: 3 | O52: =+M52*N52 -> 18 | P52: =IF(O52=0,"N/A",IF(AND(O52>=1,O52<=4),"Bajo",IF(AND(O52>=6,O52<=9),"Medio",IF(AND(O52>=10,O52<=20),"Alto",IF(O52>=24,"Muy Alto"))))) -> Alto | Q52: 25 | R52: =+O52*Q52 -> 450 | S52: =IF(R52=0,"N/A",IF(AND(R52>=1,R52<=20),"IV",IF(AND(R52>=40,R52<=120),"III",IF(AND(R52>=150,R52<=500),"II",IF(R52>=600,"I"))))) -> II | T52: =IF(S52="I","No aceptable",IF(S52="II","Aceptable con Control Especifico",IF(S52=0,"","Aceptable"))) -> Aceptable con Control Especifico | U52: 13 | V52: Golpe de calor, deshidratación, agravamiento de trastornos cardiovasculares. | Z52: Realizar campañas de auto cuidado | AA52: Realizar pausas activas y generar espacios para no exponerse al choque térmico Uso de chaquetas cuando se expone al peligro | AB52: Si | AC52: Resolución 1972 de 1990 Resolución 8321 de 1983
A53: IVC Alimentos | B53: Plantas de Alimentos ( Dentro y fuera de la Ciudad) | C53: Inspección, verificación y control de las practicas de manufactura en las plantas de Alimentos | D53: Inspección, verificación y control de las practicas de manufactura en las plantas visitadas Decomisos de materiales y sellamiento de instituciones | E53: Rutinaria | F53: Sala de procesos de altas temperaturas en áreas de cocción y hornos cuya temperatura puede alcanzar los 45°C a 50°C | G53: FÍSICOS | H53: TEMPERATURAS EXTREMAS CALOR | I53: Agotamiento físico lesiones dérmicas, Dolores de cabeza, resfriados, enfermedad general, sistema inmunológico bajo de defensas, estrés térmico, falta de sueño y disminución de rendimiento en el trabajo | J53: N/A | K53: N/A | L53: Campañas de auto cuidado | M53: 6 | N53: 3 | O53: =+M53*N53 -> 18 | P53: =IF(O53=0,"N/A",IF(AND(O53>=1,O53<=4),"Bajo",IF(AND(O53>=6,O53<=9),"Medio",IF(AND(O53>=10,O53<=20),"Alto",IF(O53>=24,"Muy Alto"))))) -> Alto | Q53: 25 | R53: =+O53*Q53 -> 450 | S53: =IF(R53=0,"N/A",IF(AND(R53>=1,R53<=20),"IV",IF(AND(R53>=40,R53<=120),"III",IF(AND(R53>=150,R53<=500),"II",IF(R53>=600,"I"))))) -> II | T53: =IF(S53="I","No aceptable",IF(S53="II","Aceptable con Control Especifico",IF(S53=0,"","Aceptable"))) -> Aceptable con Control Especifico | U53: 13 | V53: Golpe de calor, deshidratación, agravamiento de trastornos cardiovasculares. | Z53: Realizar campañas de auto cuidado Contar con puntos de hidratación para los trabajadores. | AA53: Pausas activas para evitar choques térmicos | AB53: Si | AC53: Ley 9 de 1979
A54: IVC Alimentos | B54: Plantas de Alimentos ( Dentro y fuera de la Ciudad) | C54: Inspección, verificación y control de las practicas de manufactura en las plantas de Alimentos | D54: Inspección, verificación y control de las practicas de manufactura en las plantas visitadas Decomisos de materiales y sellamiento de instituciones | E54: Rutinaria | F54: Sala de procesos en cuartos fríos y túneles de congelación y cuartos de congelación que pueden oscilar entre los 4°C a -15°C | G54: FÍSICOS | H54: TEMPERATURAS EXTREMAS FRIO | I54: Agotamiento físico lesiones dérmicas, Dolores de cabeza, resfriados, enfermedad general, sistema inmunológico bajo de defensas, estrés térmico, falta de sueño y disminución de rendimiento en el trabajo | J54: N/A | K54: N/A | L54: N/A | M54: 6 | N54: 3 | O54: =+M54*N54 -> 18 | P54: =IF(O54=0,"N/A",IF(AND(O54>=1,O54<=4),"Bajo",IF(AND(O54>=6,O54<=9),"Medio",IF(AND(O54>=10,O54<=20),"Alto",IF(O54>=24,"Muy Alto"))))) -> Alto | Q54: 25 | R54: =+O54*Q54 -> 450 | S54: =IF(R54=0,"N/A",IF(AND(R54>=1,R54<=20),"IV",IF(AND(R54>=40,R54<=120),"III",IF(AND(R54>=150,R54<=500),"II",IF(R54>=600,"I"))))) -> II | T54: =IF(S54="I","No aceptable",IF(S54="II","Aceptable con Control Especifico",IF(S54=0,"","Aceptable"))) -> Aceptable con Control Especifico | U54: 13 | V54: Hipotermia | Z54: Suministrar la ropa adecuada para ingreso a los cuartos fríos. Realizar campañas de auto cuidado | AA54: Pausas activas para evitar choques térmicos Uso de chaqueta al ingreso de cuartos fríos | AB54: Si | AC54: Ley 9 de 1979
A55: IVC Alimentos | B55: Plantas de Alimentos ( Dentro y fuera de la Ciudad) | C55: Inspección, verificación y control de las practicas de manufactura en las plantas de Alimentos | D55: Inspección, verificación y control de las practicas de manufactura en las plantas visitadas Decomisos de materiales y sellamiento de instituciones | E55: Rutinaria | F55: Inspecciones en áreas de molienda, harineras, condimentos y productos secos | G55: QUÍMICOS | H55: Polvos Orgánicos | I55: Afecciones respiratorias | J55: N/A | K55: N/A | L55: Uso de EPP. Protector respiratorio | M55: 2 | N55: 3 | O55: =+M55*N55 -> 6 | P55: =IF(O55=0,"N/A",IF(AND(O55>=1,O55<=4),"Bajo",IF(AND(O55>=6,O55<=9),"Medio",IF(AND(O55>=10,O55<=20),"Alto",IF(O55>=24,"Muy Alto"))))) -> Medio | Q55: 25 | R55: =+O55*Q55 -> 150 | S55: =IF(R55=0,"N/A",IF(AND(R55>=1,R55<=20),"IV",IF(AND(R55>=40,R55<=120),"III",IF(AND(R55>=150,R55<=500),"II",IF(R55>=600,"I"))))) -> II | T55: =IF(S55="I","No aceptable",IF(S55="II","Aceptable con Control Especifico",IF(S55=0,"","Aceptable"))) -> Aceptable con Control Especifico | U55: 13 | V55: Intoxicaciones graves. | Z55: Campañas de auto cuidado y uso de EPP Capacitación en prevención del riesgo químico | AA55: Uso de EPP: protector respiratorio N95 y guantes de látex o nitrilo | AB55: Si | AC55: Ley 9 de 1979, Resolución 2400 de 1979, Convenio 170 de 1990, Decreto 1843 de 1991, Ley 29 de 1992 Ley 55 de 1993, Ley 253 de 1996, Ley 320 de 1996, Decreto 1443 de 2014
A56: IVC Alimentos | B56: Plantas de Alimentos ( Dentro y fuera de la Ciudad) | C56: Inspección, verificación y control de las practicas de manufactura en las plantas de Alimentos | D56: Inspección, verificación y control de las practicas de manufactura en las plantas visitadas Decomisos de materiales y sellamiento de instituciones | E56: Rutinaria | F56: Cuartos fríos donde se presenta condensación. Humedad saturada 100% | G56: QUÍMICOS | H56: Líquidos | I56: Alteraciones de la piel (quemaduras, irritaciones), intoxicaciones, alergias. Afecciones respiratorias | J56: N/A | K56: N/A | L56: Uso de EPP. Protector respiratorio | M56: 2 | N56: 4 | O56: =+M56*N56 -> 8 | P56: =IF(O56=0,"N/A",IF(AND(O56>=1,O56<=4),"Bajo",IF(AND(O56>=6,O56<=9),"Medio",IF(AND(O56>=10,O56<=20),"Alto",IF(O56>=24,"Muy Alto"))))) -> Medio | Q56: 25 | R56: =+O56*Q56 -> 200 | S56: =IF(R56=0,"N/A",IF(AND(R56>=1,R56<=20),"IV",IF(AND(R56>=40,R56<=120),"III",IF(AND(R56>=150,R56<=500),"II",IF(R56>=600,"I"))))) -> II | T56: =IF(S56="I","No aceptable",IF(S56="II","Aceptable con Control Especifico",IF(S56=0,"","Aceptable"))) -> Aceptable con Control Especifico | U56: 13 | V56: Intoxicaciones graves. | Z56: Campañas de auto cuidado y uso de EPP Capacitación en prevención del riesgo químico | AA56: Uso de EPP: protector respiratorio N95 y guantes de látex o nitrilo | AB56: Si | AC56: Ley 9 de 1979, Resolución 2400 de 1979, Convenio 170 de 1990, Decreto 1843 de 1991, Ley 29 de 1992 Ley 55 de 1993, Ley 253 de 1996, Ley 320 de 1996, Decreto 1443 de 2014
A57: IVC Alimentos | B57: Plantas de Alimentos ( Dentro y fuera de la Ciudad) | C57: Inspección, verificación y control de las practicas de manufactura en las plantas de Alimentos | D57: Inspección, verificación y control de las practicas de manufactura en las plantas visitadas Decomisos de materiales y sellamiento de instituciones | E57: Rutinaria | F57: Uso de sustancias químicas en los procesos de las diferentes empresas. | G57: QUÍMICOS | H57: Gases y vapores | I57: Irritaciones en vías respiratorias | J57: N/A | K57: N/A | L57: Uso de EPP. Protector respiratorio | M57: 2 | N57: 4 | O57: =+M57*N57 -> 8 | P57: =IF(O57=0,"N/A",IF(AND(O57>=1,O57<=4),"Bajo",IF(AND(O57>=6,O57<=9),"Medio",IF(AND(O57>=10,O57<=20),"Alto",IF(O57>=24,"Muy Alto"))))) -> Medio | Q57: 25 | R57: =+O57*Q57 -> 200 | S57: =IF(R57=0,"N/A",IF(AND(R57>=1,R57<=20),"IV",IF(AND(R57>=40,R57<=120),"III",IF(AND(R57>=150,R57<=500),"II",IF(R57>=600,"I"))))) -> II | T57: =IF(S57="I","No aceptable",IF(S57="II","Aceptable con Control Especifico",IF(S57=0,"","Aceptable"))) -> Aceptable con Control Especifico | U57: 13 | V57: Afecciones respiratorias, intoxicaciones y alergias | Z57: Campañas de auto cuidado y uso de EPP Capacitación en prevención del riesgo químico | AA57: Suministrar lo EPP necesarios para la actividad: Uso de EPP: protector respiratorio N95 y guantes de látex o nitrilo | AB57: Si | AC57: Ley 9 de 1979, Resolución 2400 de 1979, Convenio 170 de 1990, Decreto 1843 de 1991, Ley 29 de 1992 Ley 55 de 1993, Ley 253 de 1996, Ley 320 de 1996, Decreto 1443 de 2014
A58: IVC Alimentos | B58: Plantas de Alimentos ( Dentro y fuera de la Ciudad) | C58: Inspección, verificación y control de las practicas de manufactura en las plantas de Alimentos | D58: Inspección, verificación y control de las practicas de manufactura en las plantas visitadas Decomisos de materiales y sellamiento de instituciones | E58: Rutinaria | F58: El personal se encuentra la mayor parte del tiempo con suficiente carga laboral Jornadas de trabajo que se extienden | G58: PSICOSOCIAL | H58: Jornada de Trabajo | I58: Estrés laboral, alteraciones del sueño | J58: N/A | K58: Implementación de batería de riesgo | L58: Talleres para reducción de Riesgo Psicosocial. | M58: 6 | N58: 3 | O58: =+M58*N58 -> 18 | P58: =IF(O58=0,"N/A",IF(AND(O58>=1,O58<=4),"Bajo",IF(AND(O58>=6,O58<=9),"Medio",IF(AND(O58>=10,O58<=20),"Alto",IF(O58>=24,"Muy Alto"))))) -> Alto | Q58: 25 | R58: =+O58*Q58 -> 450 | S58: =IF(R58=0,"N/A",IF(AND(R58>=1,R58<=20),"IV",IF(AND(R58>=40,R58<=120),"III",IF(AND(R58>=150,R58<=500),"II",IF(R58>=600,"I"))))) -> II | T58: =IF(S58="I","No aceptable",IF(S58="II","Aceptable con Control Especifico",IF(S58=0,"","Aceptable"))) -> Aceptable con Control Especifico | U58: 13 | V58: Diversas enfermedades psicológicas. | Z58: Capacitación en prevención del Riesgo Psicosocial, manejo de estrés y autocuidado, Seguimiento a resultados de la implementación de la batería de riesgo psicosocial, programa de pausas activas o actividades lúdicas | AA58: Capacitaciones en Trabajo en equipo, clima organizacional, motivación laboral, manejo de estrés, comunicación asertiva, relaciones interpersonales, prevención del estrés. | AB58: Si
A59: IVC Alimentos | B59: Plantas de Alimentos ( Dentro y fuera de la Ciudad) | C59: Inspección, verificación y control de las practicas de manufactura en las plantas de Alimentos | D59: Inspección, verificación y control de las practicas de manufactura en las plantas visitadas Decomisos de materiales y sellamiento de instituciones | E59: Rutinaria | F59: El personal se encuentra la mayor parte del tiempo con suficiente carga laboral Trato con diferentes tipo de clientes constantemente Sanciones y sellamientos de empresas | G59: PSICOSOCIAL | H59: Condiciones de la Tarea (carga mental, contenido de la tarea, demandas emocionales, monotonía) | I59: Estrés laboral | J59: N/A | K59: Implementación de batería de riesgo | L59: Talleres para reducción de Riesgo Psicosocial. | M59: 6 | N59: 3 | O59: =+M59*N59 -> 18 | P59: =IF(O59=0,"N/A",IF(AND(O59>=1,O59<=4),"Bajo",IF(AND(O59>=6,O59<=9),"Medio",IF(AND(O59>=10,O59<=20),"Alto",IF(O59>=24,"Muy Alto"))))) -> Alto | Q59: 25 | R59: =+O59*Q59 -> 450 | S59: =IF(R59=0,"N/A",IF(AND(R59>=1,R59<=20),"IV",IF(AND(R59>=40,R59<=120),"III",IF(AND(R59>=150,R59<=500),"II",IF(R59>=600,"I"))))) -> II | T59: =IF(S59="I","No aceptable",IF(S59="II","Aceptable con Control Especifico",IF(S59=0,"","Aceptable"))) -> Aceptable con Control Especifico | U59: 13 | V59: Diversas enfermedades psicológicas. | Z59: Capacitación en prevención del Riesgo Psicosocial, manejo de estrés y autocuidado, Seguimiento a resultados de la implementación de la batería de riesgo psicosocial, programa de pausas activas o actividades lúdicas | AA59: Capacitaciones en Trabajo en equipo, clima organizacional, motivación laboral, manejo de estrés, comunicación asertiva, relaciones interpersonales, prevención del estrés. | AB59: Si
A60: IVC Alimentos | B60: Plantas de Alimentos ( Dentro y fuera de la Ciudad) | C60: Inspección, verificación y control de las practicas de manufactura en las plantas de Alimentos | D60: Inspección, verificación y control de las practicas de manufactura en las plantas visitadas Decomisos de materiales y sellamiento de instituciones | E60: Rutinaria | F60: El personal se encuentra la mayor parte del tiempo con suficiente carga laboral Jornadas de trabajo que se extienden | G60: PSICOSOCIAL | H60: Jornada de Trabajo | I60: Estrés laboral, alteraciones del sueño | J60: N/A | K60: Implementación de batería de riesgo | L60: Talleres para reducción de Riesgo Psicosocial. | M60: 6 | N60: 3 | O60: =+M60*N60 -> 18 | P60: =IF(O60=0,"N/A",IF(AND(O60>=1,O60<=4),"Bajo",IF(AND(O60>=6,O60<=9),"Medio",IF(AND(O60>=10,O60<=20),"Alto",IF(O60>=24,"Muy Alto"))))) -> Alto | Q60: 25 | R60: =+O60*Q60 -> 450 | S60: =IF(R60=0,"N/A",IF(AND(R60>=1,R60<=20),"IV",IF(AND(R60>=40,R60<=120),"III",IF(AND(R60>=150,R60<=500),"II",IF(R60>=600,"I"))))) -> II | T60: =IF(S60="I","No aceptable",IF(S60="II","Aceptable con Control Especifico",IF(S60=0,"","Aceptable"))) -> Aceptable con Control Especifico | U60: 13 | V60: Diversas enfermedades psicológicas. | Z60: Capacitación en prevención del Riesgo Psicosocial, manejo de estrés y autocuidado, Seguimiento a resultados de la implementación de la batería de riesgo psicosocial, programa de pausas activas o actividades lúdicas | AA60: Capacitaciones en Trabajo en equipo, clima organizacional, motivación laboral, manejo de estrés, comunicación asertiva, relaciones interpersonales, prevención del estrés. | AB60: Si
A61: IVC Alimentos | B61: Plantas de Alimentos ( Dentro y fuera de la Ciudad) | C61: Inspección, verificación y control de las practicas de manufactura en las plantas de Alimentos | D61: Inspección, verificación y control de las practicas de manufactura en las plantas visitadas Decomisos de materiales y sellamiento de instituciones | E61: Rutinaria | F61: El personal se encuentra la mayor parte del tiempo con suficiente carga laboral Trato con diferentes tipo de clientes constantemente Sanciones y sellamientos de empresas | G61: PSICOSOCIAL | H61: Condiciones de la Tarea (carga mental, contenido de la tarea, demandas emocionales, monotonía) | I61: Estrés laboral por malos tratos de terceros | J61: N/A | K61: Implementación de batería de riesgo | L61: Talleres para reducción de Riesgo Psicosocial. | M61: 6 | N61: 3 | O61: =+M61*N61 -> 18 | P61: =IF(O61=0,"N/A",IF(AND(O61>=1,O61<=4),"Bajo",IF(AND(O61>=6,O61<=9),"Medio",IF(AND(O61>=10,O61<=20),"Alto",IF(O61>=24,"Muy Alto"))))) -> Alto | Q61: 25 | R61: =+O61*Q61 -> 450 | S61: =IF(R61=0,"N/A",IF(AND(R61>=1,R61<=20),"IV",IF(AND(R61>=40,R61<=120),"III",IF(AND(R61>=150,R61<=500),"II",IF(R61>=600,"I"))))) -> II | T61: =IF(S61="I","No aceptable",IF(S61="II","Aceptable con Control Especifico",IF(S61=0,"","Aceptable"))) -> Aceptable con Control Especifico | U61: 13 | V61: Diversas enfermedades psicológicas. | Z61: Capacitación en prevención del Riesgo Psicosocial, manejo de estrés y autocuidado, Seguimiento a resultados de la implementación de la batería de riesgo psicosocial, programa de pausas activas o actividades lúdicas | AA61: Capacitaciones en Trabajo en equipo, clima organizacional, motivación laboral, manejo de estrés, comunicación asertiva, relaciones interpersonales, prevención del estrés. | AB61: Si
A62: IVC Alimentos | B62: Plantas de Alimentos ( Dentro y fuera de la Ciudad) | C62: Inspección, verificación y control de las practicas de manufactura en las plantas de Alimentos | D62: Inspección, verificación y control de las practicas de manufactura en las plantas visitadas Decomisos de materiales y sellamiento de instituciones | E62: Rutinaria | F62: Inspecciones se realizan de pie la mayor parte del tiempo (50% de pie y 50% sentado y depende de la empresa visitada). La actividad se realiza todo el tiempo en postura sedente en áreas administrativas | G62: BIOMECÁNICOS | H62: POSTURA PROLONGADA | I62: Dolores de espalda, problemas osteomusculares | J62: N/A | K62: Implementación de batería de riesgo | L62: PVE riesgo biomecánico pausas activas | M62: 2 | N62: 3 | O62: =+M62*N62 -> 6 | P62: =IF(O62=0,"N/A",IF(AND(O62>=1,O62<=4),"Bajo",IF(AND(O62>=6,O62<=9),"Medio",IF(AND(O62>=10,O62<=20),"Alto",IF(O62>=24,"Muy Alto"))))) -> Medio | Q62: 25 | R62: =+O62*Q62 -> 150 | S62: =IF(R62=0,"N/A",IF(AND(R62>=1,R62<=20),"IV",IF(AND(R62>=40,R62<=120),"III",IF(AND(R62>=150,R62<=500),"II",IF(R62>=600,"I"))))) -> II | T62: =IF(S62="I","No aceptable",IF(S62="II","Aceptable con Control Especifico",IF(S62=0,"","Aceptable"))) -> Aceptable con Control Especifico | U62: 13 | V62: Desordenes musculo esqueléticos. | Z62: Campañas de auto cuidado y realizar pausas activas | AA62: Realizar pausas activas durante su jornada laboral | AB62: Si | AC62: Resolución 2400 de 1979 Decreto 1443 de 2014 Decreto ley 1295 de 1994
A63: IVC Alimentos | B63: Plantas de Alimentos ( Dentro y fuera de la Ciudad) | C63: Inspección, verificación y control de las practicas de manufactura en las plantas de Alimentos | D63: Inspección, verificación y control de las practicas de manufactura en las plantas visitadas Decomisos de materiales y sellamiento de instituciones | E63: Rutinaria | F63: Actividades administrativas todo el tiempo uso de mouse y teclado | G63: BIOMECÁNICOS | H63: MOVIMIENTO REPETITIVO | I63: Dolores constantes y malestar en miembros superiores (manos, codos, hombros) Fatiga muscular. | J63: N/A | K63: N/A | L63: PVE riesgo biomecánico pausas activas Exámenes médicos periódicos que incluyen aspectos osteomusculares. | M63: 2 | N63: 3 | O63: =+M63*N63 -> 6 | P63: =IF(O63=0,"N/A",IF(AND(O63>=1,O63<=4),"Bajo",IF(AND(O63>=6,O63<=9),"Medio",IF(AND(O63>=10,O63<=20),"Alto",IF(O63>=24,"Muy Alto"))))) -> Medio | Q63: 25 | R63: =+O63*Q63 -> 150 | S63: =IF(R63=0,"N/A",IF(AND(R63>=1,R63<=20),"IV",IF(AND(R63>=40,R63<=120),"III",IF(AND(R63>=150,R63<=500),"II",IF(R63>=600,"I"))))) -> II | T63: =IF(S63="I","No aceptable",IF(S63="II","Aceptable con Control Especifico",IF(S63=0,"","Aceptable"))) -> Aceptable con Control Especifico | U63: 13 | V63: Desordenes musculo esqueléticos. | Z63: Dar continuidad al PVE riesgo biomecánico Campañas de auto cuidado y realizar de pausas activas | AA63: Realizar pausas activas durante su jornada laboral | AB63: Si | AC63: Resolución 2400 de 1979 Decreto 1443 de 2014 Decreto ley 1295 de 1994
A64: IVC Alimentos | B64: Plantas de Alimentos ( Dentro y fuera de la Ciudad) | C64: Inspección, verificación y control de las practicas de manufactura en las plantas de Alimentos | D64: Inspección, verificación y control de las practicas de manufactura en las plantas visitadas Decomisos de materiales y sellamiento de instituciones | E64: Rutinaria | F64: El personal se encuentra realizando trabajo administrativo en posición de pie y sedente por mas de dos horas seguidas. En campo | G64: BIOMECÁNICOS | H64: POSTURA FORZADA | I64: Dolores osteomusculares Lesiones de columna | J64: N/A | K64: N/A | L64: PVE Riesgo biomecánico Programa Pausas Activas | M64: 2 | N64: 3 | O64: =+M64*N64 -> 6 | P64: =IF(O64=0,"N/A",IF(AND(O64>=1,O64<=4),"Bajo",IF(AND(O64>=6,O64<=9),"Medio",IF(AND(O64>=10,O64<=20),"Alto",IF(O64>=24,"Muy Alto"))))) -> Medio | Q64: 25 | R64: =+O64*Q64 -> 150 | S64: =IF(R64=0,"N/A",IF(AND(R64>=1,R64<=20),"IV",IF(AND(R64>=40,R64<=120),"III",IF(AND(R64>=150,R64<=500),"II",IF(R64>=600,"I"))))) -> II | T64: =IF(S64="I","No aceptable",IF(S64="II","Aceptable con Control Especifico",IF(S64=0,"","Aceptable"))) -> Aceptable con Control Especifico | U64: 13 | V64: Desordenes musculo esqueléticos. | Z64: Campañas de auto cuidado y realizar pausas activas | AA64: Realizar pausas activas durante su jornada laboral | AB64: Si | AC64: Resolución 2400 de 1979 Decreto 1443 de 2014 Decreto ley 1295 de 1994
A65: IVC Alimentos | B65: Plantas de Alimentos ( Dentro y fuera de la Ciudad) | C65: Inspección, verificación y control de las practicas de manufactura en las plantas de Alimentos | D65: Inspección, verificación y control de las practicas de manufactura en las plantas visitadas Decomisos de materiales y sellamiento de instituciones | E65: Rutinaria | F65: Manipulación de materiales decomisados en ocasiones que oscila entre los 10 y 20 Kg aproximadamente. | G65: BIOMECÁNICOS | H65: MANIPULACIÓN MANUAL DE CARGAS | I65: Fatiga muscular, espasmos musculares, dolor en espalda, extremidades superiores e inferiores. | J65: N/A | K65: N/A | L65: PVE riesgo biomecánico pausas activas | M65: 2 | N65: 2 | O65: =+M65*N65 -> 4 | P65: =IF(O65=0,"N/A",IF(AND(O65>=1,O65<=4),"Bajo",IF(AND(O65>=6,O65<=9),"Medio",IF(AND(O65>=10,O65<=20),"Alto",IF(O65>=24,"Muy Alto"))))) -> Bajo | Q65: 25 | R65: =+O65*Q65 -> 100 | S65: =IF(R65=0,"N/A",IF(AND(R65>=1,R65<=20),"IV",IF(AND(R65>=40,R65<=120),"III",IF(AND(R65>=150,R65<=500),"II",IF(R65>=600,"I"))))) -> III | T65: =IF(S65="I","No aceptable",IF(S65="II","Aceptable con Control Especifico",IF(S65=0,"","Aceptable"))) -> Aceptable | U65: 13 | V65: Desordenes musculo esqueléticos. | Z65: Dar continuidad al PVE Riesgo Biomecánico. Campañas de auto cuidado y realizar pausas activas Sensibilización manipulación manual de cargas | AA65: Capacitación Higiene postural, manipulación manual de cargas. | AB65: Si | AC65: Resolución 2400 de 1979 Decreto 1443 de 2014 Decreto ley 1295 de 1994
A66: IVC Alimentos | B66: Plantas de Alimentos ( Dentro y fuera de la Ciudad) | C66: Inspección, verificación y control de las practicas de manufactura en las plantas de Alimentos | D66: Inspección, verificación y control de las practicas de manufactura en las plantas visitadas Decomisos de materiales y sellamiento de instituciones | E66: Rutinaria | F66: Maquinaria y equipos en diferentes procesos. Se desplaza cerca de equipos en movimiento con potencial de atrapamiento de partes del cuerpo o de la ropa Presencia de marmitas y calderas a presión | G66: CONDICIONES DE SEGURIDAD | H66: Mecánico por elementos o partes de maquinas | I66: Contusiones, golpes, heridas, laceraciones en diferentes partes del cuerpo. | J66: N/A | K66: N/A | L66: N/A | M66: 6 | N66: 4 | O66: =+M66*N66 -> 24 | P66: =IF(O66=0,"N/A",IF(AND(O66>=1,O66<=4),"Bajo",IF(AND(O66>=6,O66<=9),"Medio",IF(AND(O66>=10,O66<=20),"Alto",IF(O66>=24,"Muy Alto"))))) -> Muy Alto | Q66: 10 | R66: =+O66*Q66 -> 240 | S66: =IF(R66=0,"N/A",IF(AND(R66>=1,R66<=20),"IV",IF(AND(R66>=40,R66<=120),"III",IF(AND(R66>=150,R66<=500),"II",IF(R66>=600,"I"))))) -> II | T66: =IF(S66="I","No aceptable",IF(S66="II","Aceptable con Control Especifico",IF(S66=0,"","Aceptable"))) -> Aceptable con Control Especifico | U66: 13 | V66: Heridas en tejidos blandos | Z66: Campañas de auto cuidado | AA66: Capacitación en reporte de actos y condiciones inseguras, capacitación en prevención del riesgo mecánico, atrapamiento o golpes con partes en movimiento. | AB66: Si | AC66: Resolución 2400 de 1979
A67: IVC Alimentos | B67: Plantas de Alimentos ( Dentro y fuera de la Ciudad) | C67: Inspección, verificación y control de las practicas de manufactura en las plantas de Alimentos | D67: Inspección, verificación y control de las practicas de manufactura en las plantas visitadas Decomisos de materiales y sellamiento de instituciones | E67: Rutinaria | F67: Manipulación de cosedoras, bisturís, grapadoras, saca ganchos etc. | G67: CONDICIONES DE SEGURIDAD | H67: Mecánico por (piezas a trabajar) | I67: Golpes, cortes | J67: N/A | K67: N/A | L67: N/A | M67: 6 | N67: 4 | O67: =+M67*N67 -> 24 | P67: =IF(O67=0,"N/A",IF(AND(O67>=1,O67<=4),"Bajo",IF(AND(O67>=6,O67<=9),"Medio",IF(AND(O67>=10,O67<=20),"Alto",IF(O67>=24,"Muy Alto"))))) -> Muy Alto | Q67: 10 | R67: =+O67*Q67 -> 240 | S67: =IF(R67=0,"N/A",IF(AND(R67>=1,R67<=20),"IV",IF(AND(R67>=40,R67<=120),"III",IF(AND(R67>=150,R67<=500),"II",IF(R67>=600,"I"))))) -> II | T67: =IF(S67="I","No aceptable",IF(S67="II","Aceptable con Control Especifico",IF(S67=0,"","Aceptable"))) -> Aceptable con Control Especifico | U67: 13 | V67: Heridas en tejidos blandos | Z67: Campañas de auto cuidado | AA67: Reporte de herramientas que se encuentren dañadas y/o deterioradas. Capacitación en prevención del riesgo mecánico (cuidado de manos) | AB67: Si | AC67: Resolución 2400 de 1979
A68: IVC Alimentos | B68: Plantas de Alimentos ( Dentro y fuera de la Ciudad) | C68: Inspección, verificación y control de las practicas de manufactura en las plantas de Alimentos | D68: Inspección, verificación y control de las practicas de manufactura en las plantas visitadas Decomisos de materiales y sellamiento de instituciones | E68: Rutinaria | F68: Proyección de partículas en algunos de los procesos de las diferentes plantas. | G68: CONDICIONES DE SEGURIDAD | H68: Mecánico por Materiales proyectados líquidos | I68: Irritaciones, lesiones dérmicas | J68: N/A | K68: N/A | L68: N/A | M68: 6 | N68: 3 | O68: =+M68*N68 -> 18 | P68: =IF(O68=0,"N/A",IF(AND(O68>=1,O68<=4),"Bajo",IF(AND(O68>=6,O68<=9),"Medio",IF(AND(O68>=10,O68<=20),"Alto",IF(O68>=24,"Muy Alto"))))) -> Alto | Q68: 10 | R68: =+O68*Q68 -> 180 | S68: =IF(R68=0,"N/A",IF(AND(R68>=1,R68<=20),"IV",IF(AND(R68>=40,R68<=120),"III",IF(AND(R68>=150,R68<=500),"II",IF(R68>=600,"I"))))) -> II | T68: =IF(S68="I","No aceptable",IF(S68="II","Aceptable con Control Especifico",IF(S68=0,"","Aceptable"))) -> Aceptable con Control Especifico | U68: 13 | V68: Heridas en tejidos blandos | Z68: Capacitación autocuidado y uso de EPP | AA68: Uso de EPP: Protector respiratorio, bata, cofia, protector visual, guantes de nitrilo o látex | AB68: Si | AC68: Resolución 2400 de 1979
A69: IVC Alimentos | B69: Plantas de Alimentos ( Dentro y fuera de la Ciudad) | C69: Inspección, verificación y control de las practicas de manufactura en las plantas de Alimentos | D69: Inspección, verificación y control de las practicas de manufactura en las plantas visitadas Decomisos de materiales y sellamiento de instituciones | E69: Rutinaria | F69: Proyección de partículas en algunos de los procesos de las diferentes plantas | G69: CONDICIONES DE SEGURIDAD | H69: Mecánico por materiales proyectados sólidos | I69: Golpes, irritaciones, lesiones dérmicas | J69: N/A | K69: N/A | L69: N/A | M69: 6 | N69: 3 | O69: =+M69*N69 -> 18 | P69: =IF(O69=0,"N/A",IF(AND(O69>=1,O69<=4),"Bajo",IF(AND(O69>=6,O69<=9),"Medio",IF(AND(O69>=10,O69<=20),"Alto",IF(O69>=24,"Muy Alto"))))) -> Alto | Q69: 10 | R69: =+O69*Q69 -> 180 | S69: =IF(R69=0,"N/A",IF(AND(R69>=1,R69<=20),"IV",IF(AND(R69>=40,R69<=120),"III",IF(AND(R69>=150,R69<=500),"II",IF(R69>=600,"I"))))) -> II | T69: =IF(S69="I","No aceptable",IF(S69="II","Aceptable con Control Especifico",IF(S69=0,"","Aceptable"))) -> Aceptable con Control Especifico | U69: 13 | V69: Heridas en tejidos blandos | Z69: Capacitación autocuidado y uso de EPP | AA69: Uso de EPP: Protector respiratorio, bata, cofia, protector visual, guantes de nitrilo o látex | AB69: Si | AC69: Resolución 2400 de 1979
A70: IVC Alimentos | B70: Plantas de Alimentos ( Dentro y fuera de la Ciudad) | C70: Inspección, verificación y control de las practicas de manufactura en las plantas de Alimentos | D70: Inspección, verificación y control de las practicas de manufactura en las plantas visitadas Decomisos de materiales y sellamiento de instituciones | E70: Rutinaria | F70: Presencia de pisos mojados, grasosos. | G70: CONDICIONES DE SEGURIDAD | H70: Locativo superficies de trabajo deslizantes | I70: Caídas a mismo nivel, golpes, lesiones | J70: N/A | K70: N/A | L70: Uso de botas de seguridad | M70: 6 | N70: 3 | O70: =+M70*N70 -> 18 | P70: =IF(O70=0,"N/A",IF(AND(O70>=1,O70<=4),"Bajo",IF(AND(O70>=6,O70<=9),"Medio",IF(AND(O70>=10,O70<=20),"Alto",IF(O70>=24,"Muy Alto"))))) -> Alto | Q70: 25 | R70: =+O70*Q70 -> 450 | S70: =IF(R70=0,"N/A",IF(AND(R70>=1,R70<=20),"IV",IF(AND(R70>=40,R70<=120),"III",IF(AND(R70>=150,R70<=500),"II",IF(R70>=600,"I"))))) -> II | T70: =IF(S70="I","No aceptable",IF(S70="II","Aceptable con Control Especifico",IF(S70=0,"","Aceptable"))) -> Aceptable con Control Especifico | U70: 13 | V70: Politraumatismo. | Z70: Campañas de auto cuidado Uso de EPP, señalización de los lugares de trabajo con presencia del riesgo. | AA70: Capacitacitación en reporte de actos y condiciones inseguras | AB70: Si | AC70: Resolución 2400 de 1979
A71: IVC Alimentos | B71: Plantas de Alimentos ( Dentro y fuera de la Ciudad) | C71: Inspección, verificación y control de las practicas de manufactura en las plantas de Alimentos | D71: Inspección, verificación y control de las practicas de manufactura en las plantas visitadas Decomisos de materiales y sellamiento de instituciones | E71: Rutinaria | F71: Verificación de procesos en distintos niveles (Hielo, agua, leche, granos). | G71: CONDICIONES DE SEGURIDAD | H71: Locativo superficies de trabajo con diferencia de nivel | I71: Caídas a mismo y distinto nivel, golpes, lesiones | J71: N/A | K71: N/A | L71: Uso de botas de seguridad | M71: 2 | N71: 4 | O71: =+M71*N71 -> 8 | P71: =IF(O71=0,"N/A",IF(AND(O71>=1,O71<=4),"Bajo",IF(AND(O71>=6,O71<=9),"Medio",IF(AND(O71>=10,O71<=20),"Alto",IF(O71>=24,"Muy Alto"))))) -> Medio | Q71: 60 | R71: =+O71*Q71 -> 480 | S71: =IF(R71=0,"N/A",IF(AND(R71>=1,R71<=20),"IV",IF(AND(R71>=40,R71<=120),"III",IF(AND(R71>=150,R71<=500),"II",IF(R71>=600,"I"))))) -> II | T71: =IF(S71="I","No aceptable",IF(S71="II","Aceptable con Control Especifico",IF(S71=0,"","Aceptable"))) -> Aceptable con Control Especifico | U71: 13 | V71: Politraumatismo. | Z71: Campañas de auto cuidado Uso de EPP, señalización | AA71: Capacitación en reporte de actos y condiciones inseguras. | AB71: Si | AC71: Resolución 2400 de 1979
A72: IVC Alimentos | B72: Plantas de Alimentos ( Dentro y fuera de la Ciudad) | C72: Inspección, verificación y control de las practicas de manufactura en las plantas de Alimentos | D72: Inspección, verificación y control de las practicas de manufactura en las plantas visitadas Decomisos de materiales y sellamiento de instituciones | E72: Rutinaria | F72: Comisiones a nivel Regional. | G72: CONDICIONES DE SEGURIDAD | H72: Accidentes de tránsito | I72: Lesiones, fracturas, traumas | J72: N/A | K72: Protocolo de seguridad Vial. | L72: Sensibilización de riesgo público y de tránsito | M72: 6 | N72: 3 | O72: =+M72*N72 -> 18 | P72: =IF(O72=0,"N/A",IF(AND(O72>=1,O72<=4),"Bajo",IF(AND(O72>=6,O72<=9),"Medio",IF(AND(O72>=10,O72<=20),"Alto",IF(O72>=24,"Muy Alto"))))) -> Alto | Q72: 10 | R72: =+O72*Q72 -> 180 | S72: =IF(R72=0,"N/A",IF(AND(R72>=1,R72<=20),"IV",IF(AND(R72>=40,R72<=120),"III",IF(AND(R72>=150,R72<=500),"II",IF(R72>=600,"I"))))) -> II | T72: =IF(S72="I","No aceptable",IF(S72="II","Aceptable con Control Especifico",IF(S72=0,"","Aceptable"))) -> Aceptable con Control Especifico | U72: 13 | V72: Invalidez, politraumatismos | Y72: Revisión tecnicomecanicas de vehículos. Inspección pre operacional de vehículos | Z72: Campañas de auto cuidado Capacitación riesgo publico y accidentes de tránsito, capacitación en seguridad vial y manejo defensivo, programa de seguridad vial o PESV (en caso de aplicar) | AA72: Realizar sensibilizaciones y capacitaciones en seguridad vial, normas de tránsito vigentes, comportamientos seguros Realizar capacitaciones en reporte de actos y condiciones inseguras asociadas a las condiciones de los vehículos | AB72: Si | AC72: Código Nacional de Transito, Decreto 1906/2015, Decreto 2851/2013, Ley 1503/2011, Resolución 1565/2011, Resolución 3027/2010
A73: IVC Alimentos | B73: Plantas de Alimentos ( Dentro y fuera de la Ciudad) | C73: Inspección, verificación y control de las practicas de manufactura en las plantas de Alimentos | D73: Inspección, verificación y control de las practicas de manufactura en las plantas visitadas Decomisos de materiales y sellamiento de instituciones | E73: Rutinaria | F73: Trabajo con entidad publica Comisiones a nivel regional | G73: CONDICIONES DE SEGURIDAD | H73: Públicos por robos | I73: Traumas psicológicos, lesiones físicas | J73: N/A | K73: N/A | L73: Sensibilización de riesgo público y de tránsito | M73: 2 | N73: 4 | O73: =+M73*N73 -> 8 | P73: =IF(O73=0,"N/A",IF(AND(O73>=1,O73<=4),"Bajo",IF(AND(O73>=6,O73<=9),"Medio",IF(AND(O73>=10,O73<=20),"Alto",IF(O73>=24,"Muy Alto"))))) -> Medio | Q73: 25 | R73: =+O73*Q73 -> 200 | S73: =IF(R73=0,"N/A",IF(AND(R73>=1,R73<=20),"IV",IF(AND(R73>=40,R73<=120),"III",IF(AND(R73>=150,R73<=500),"II",IF(R73>=600,"I"))))) -> II | T73: =IF(S73="I","No aceptable",IF(S73="II","Aceptable con Control Especifico",IF(S73=0,"","Aceptable"))) -> Aceptable con Control Especifico | U73: 13 | Z73: Campañas de auto cuidado Capacitación riesgo publico y de tránsito, programa de riesgo publico | AA73: Capacitación y sensibilización en riesgo público, enfocado en autocuidado. | AB73: Si | AC73: Resolución 2400 de 1979
A74: IVC Alimentos | B74: Plantas de Alimentos ( Dentro y fuera de la Ciudad) | C74: Inspección, verificación y control de las practicas de manufactura en las plantas de Alimentos | D74: Inspección, verificación y control de las practicas de manufactura en las plantas visitadas Decomisos de materiales y sellamiento de instituciones | E74: Rutinaria | F74: Trabajo con entidad publica Comisiones a nivel regional | G74: CONDICIONES DE SEGURIDAD | H74: Públicos por atracos | I74: Traumas psicológicos, lesiones físicas | J74: N/A | K74: N/A | L74: Sensibilización de riesgo público y de tránsito | M74: 2 | N74: 4 | O74: =+M74*N74 -> 8 | P74: =IF(O74=0,"N/A",IF(AND(O74>=1,O74<=4),"Bajo",IF(AND(O74>=6,O74<=9),"Medio",IF(AND(O74>=10,O74<=20),"Alto",IF(O74>=24,"Muy Alto"))))) -> Medio | Q74: 25 | R74: =+O74*Q74 -> 200 | S74: =IF(R74=0,"N/A",IF(AND(R74>=1,R74<=20),"IV",IF(AND(R74>=40,R74<=120),"III",IF(AND(R74>=150,R74<=500),"II",IF(R74>=600,"I"))))) -> II | T74: =IF(S74="I","No aceptable",IF(S74="II","Aceptable con Control Especifico",IF(S74=0,"","Aceptable"))) -> Aceptable con Control Especifico | U74: 13 | V74: Lesiones múltiples. | Z74: Campañas de auto cuidado Capacitación riesgo publico y de tránsito, programa de riesgo publico | AA74: Capacitación y sensibilización en riesgo público, enfocado en autocuidado. | AB74: Si | AC74: Resolución 2400 de 1979
A75: IVC Alimentos | B75: Plantas de Alimentos ( Dentro y fuera de la Ciudad) | C75: Inspección, verificación y control de las practicas de manufactura en las plantas de Alimentos | D75: Inspección, verificación y control de las practicas de manufactura en las plantas visitadas Decomisos de materiales y sellamiento de instituciones | E75: Rutinaria | F75: Trabajo con entidad publica Comisiones a nivel regional | G75: CONDICIONES DE SEGURIDAD | H75: Públicos por asaltos | I75: Traumas psicológicos, lesiones físicas | J75: N/A | K75: N/A | L75: Sensibilización de riesgo público y de tránsito | M75: 2 | N75: 4 | O75: =+M75*N75 -> 8 | P75: =IF(O75=0,"N/A",IF(AND(O75>=1,O75<=4),"Bajo",IF(AND(O75>=6,O75<=9),"Medio",IF(AND(O75>=10,O75<=20),"Alto",IF(O75>=24,"Muy Alto"))))) -> Medio | Q75: 25 | R75: =+O75*Q75 -> 200 | S75: =IF(R75=0,"N/A",IF(AND(R75>=1,R75<=20),"IV",IF(AND(R75>=40,R75<=120),"III",IF(AND(R75>=150,R75<=500),"II",IF(R75>=600,"I"))))) -> II | T75: =IF(S75="I","No aceptable",IF(S75="II","Aceptable con Control Especifico",IF(S75=0,"","Aceptable"))) -> Aceptable con Control Especifico | U75: 13 | V75: Lesiones múltiples. | Z75: Campañas de auto cuidado Capacitación riesgo publico y de tránsito, programa de riesgo publico | AA75: N/A | AB75: Si | AC75: Resolución 2400 de 1979
A76: IVC Alimentos | B76: Plantas de Alimentos ( Dentro y fuera de la Ciudad) | C76: Inspección, verificación y control de las practicas de manufactura en las plantas de Alimentos | D76: Inspección, verificación y control de las practicas de manufactura en las plantas visitadas Decomisos de materiales y sellamiento de instituciones | E76: Rutinaria | F76: Trabajo con entidad publica Comisiones a nivel regional | G76: CONDICIONES DE SEGURIDAD | H76: Públicos por atentados | I76: Traumas psicológicos, lesiones físicas | J76: N/A | K76: N/A | L76: Sensibilización de riesgo público y de tránsito | M76: 2 | N76: 4 | O76: =+M76*N76 -> 8 | P76: =IF(O76=0,"N/A",IF(AND(O76>=1,O76<=4),"Bajo",IF(AND(O76>=6,O76<=9),"Medio",IF(AND(O76>=10,O76<=20),"Alto",IF(O76>=24,"Muy Alto"))))) -> Medio | Q76: 25 | R76: =+O76*Q76 -> 200 | S76: =IF(R76=0,"N/A",IF(AND(R76>=1,R76<=20),"IV",IF(AND(R76>=40,R76<=120),"III",IF(AND(R76>=150,R76<=500),"II",IF(R76>=600,"I"))))) -> II | T76: =IF(S76="I","No aceptable",IF(S76="II","Aceptable con Control Especifico",IF(S76=0,"","Aceptable"))) -> Aceptable con Control Especifico | U76: 13 | V76: Lesiones múltiples. | Z76: Campañas de auto cuidado Capacitación riesgo publico y de tránsito, programa de riesgo publico | AA76: Capacitación y sensibilización en riesgo público, enfocado en autocuidado. | AB76: Si | AC76: Resolución 2400 de 1979
A77: IVC Alimentos | B77: Plantas de Alimentos ( Dentro y fuera de la Ciudad) | C77: Inspección, verificación y control de las practicas de manufactura en las plantas de Alimentos | D77: Inspección, verificación y control de las practicas de manufactura en las plantas visitadas Decomisos de materiales y sellamiento de instituciones | E77: Rutinaria | F77: Trabajo con entidad publica Comisiones a nivel regional | G77: CONDICIONES DE SEGURIDAD | H77: Públicos por orden publico | I77: Traumas psicológicos, lesiones físicas | J77: N/A | K77: N/A | L77: Sensibilización de riesgo público y de tránsito | M77: 2 | N77: 4 | O77: =+M77*N77 -> 8 | P77: =IF(O77=0,"N/A",IF(AND(O77>=1,O77<=4),"Bajo",IF(AND(O77>=6,O77<=9),"Medio",IF(AND(O77>=10,O77<=20),"Alto",IF(O77>=24,"Muy Alto"))))) -> Medio | Q77: 25 | R77: =+O77*Q77 -> 200 | S77: =IF(R77=0,"N/A",IF(AND(R77>=1,R77<=20),"IV",IF(AND(R77>=40,R77<=120),"III",IF(AND(R77>=150,R77<=500),"II",IF(R77>=600,"I"))))) -> II | T77: =IF(S77="I","No aceptable",IF(S77="II","Aceptable con Control Especifico",IF(S77=0,"","Aceptable"))) -> Aceptable con Control Especifico | U77: 13 | Z77: Campañas de auto cuidado Capacitación riesgo publico y de tránsito, programa de riesgo publico | AA77: Capacitación y sensibilización en riesgo público, enfocado en autocuidado. | AB77: Si | AC77: Resolución 2400 de 1979
A78: IVC Alimentos | B78: Plantas de Alimentos ( Dentro y fuera de la Ciudad) | C78: Inspección, verificación y control de las practicas de manufactura en las plantas de Alimentos | D78: Inspección, verificación y control de las practicas de manufactura en las plantas visitadas Decomisos de materiales y sellamiento de instituciones | E78: Rutinaria | F78: Verificación de procesos en áreas a una altura mayor de 1.50mts ( (Hielo, agua, leche, granos) | G78: CONDICIONES DE SEGURIDAD | H78: Trabajo en alturas | I78: Caídas de distinto nivel, Golpes, traumas, fracturas | J78: N/A | K78: N/A | L78: Capacitación de prevención caídas | M78: 2 | N78: 3 | O78: =+M78*N78 -> 6 | P78: =IF(O78=0,"N/A",IF(AND(O78>=1,O78<=4),"Bajo",IF(AND(O78>=6,O78<=9),"Medio",IF(AND(O78>=10,O78<=20),"Alto",IF(O78>=24,"Muy Alto"))))) -> Medio | Q78: 60 | R78: =+O78*Q78 -> 360 | S78: =IF(R78=0,"N/A",IF(AND(R78>=1,R78<=20),"IV",IF(AND(R78>=40,R78<=120),"III",IF(AND(R78>=150,R78<=500),"II",IF(R78>=600,"I"))))) -> II | T78: =IF(S78="I","No aceptable",IF(S78="II","Aceptable con Control Especifico",IF(S78=0,"","Aceptable"))) -> Aceptable con Control Especifico | U78: 13 | V78: Muerte | Z78: Campañas de auto cuidado Curso de trabajo seguro en alturas según resolución 1409 de 2012, programa de protección contra caídas, listas de chequeo, ATS, permisos de trabajo | AA78: Uso de los EPP para realizar la actividad, Equipos de protección contra caídas | AB78: Si | AC78: Resolución 2400 de 1979
A79: IVC Plantas de Beneficio | B79: Plantas de Beneficio, de bovinos, de aves, porcinos, equinos, pollos, conejos. (Dentro y fuera de la ciudad) | C79: Inspección, verificación de calidad y control de las prácticas de manufactura en las plantas visitadas | D79: Inspección, verificación de calidad y control de las practicas de manufactura en las plantas visitadas Decomisos de materiales y sellamiento de instituciones | E79: Rutinaria | F79: Contacto con animales (Bovinos, aves, porcinos, equinos) Probabilidad de contacto directo con de diferentes fluidos de origen animal | G79: BIOLÓGICOS | H79: VIRUS | I79: Infecciones, cuadros virales, entre otras enfermedades. | J79: N/A | K79: N/A | L79: Examen médico anual, exámenes de laboratorio Esquemas de vacunación Uso de EPP: Guantes de nitrilo, Protector respiratorio (protector respiratorio de concha), Overol anti fluido, Botas de caucho sin punta de acero y la suela no es antideslizante. | M79: 2 | N79: 3 | O79: =+M79*N79 -> 6 | P79: =IF(O79=0,"N/A",IF(AND(O79>=1,O79<=4),"Bajo",IF(AND(O79>=6,O79<=9),"Medio",IF(AND(O79>=10,O79<=20),"Alto",IF(O79>=24,"Muy Alto"))))) -> Medio | Q79: 60 | R79: =+O79*Q79 -> 360 | S79: =IF(R79=0,"N/A",IF(AND(R79>=1,R79<=20),"IV",IF(AND(R79>=40,R79<=120),"III",IF(AND(R79>=150,R79<=500),"II",IF(R79>=600,"I"))))) -> II | T79: =IF(S79="I","No aceptable",IF(S79="II","Aceptable con Control Especifico",IF(S79=0,"","Aceptable"))) -> Aceptable con Control Especifico | U79: 14 | V79: Enfermedades generales con relación a la exposición del riesgo. | Z79: Implementar programa de vigilancia Epidemiológico para riesgo Biológico. Seguimiento y control de esquemas de vacunación Seguimiento a exámenes periódicos Capacitación uso de EPP Campañas de auto cuidado Capacitación Riesgo biológico | AA79: Suministrar de forma frecuente los EPP como: guantes impermeables, Protector respiratorio n95 para riesgo biológico, Overol anti fluido, Protección respiratoria facial, Botas de caucho con punta de acero y suela antideslizante. | AB79: Si | AC79: Ley Novena de 1979, Decreto 2240 de 1996, Decreto 2676 de 2000, Resolución 1164 de 2002, Ley 1562 de 2012
A80: IVC Plantas de Beneficio | B80: Plantas de Beneficio, de bovinos, de aves, porcinos, equinos, pollos, conejos. (Dentro y fuera de la ciudad) | C80: Inspección, verificación de calidad y control de las prácticas de manufactura en las plantas visitadas | D80: Inspección, verificación de calidad y control de las practicas de manufactura en las plantas visitadas Decomisos de materiales y sellamiento de instituciones | E80: Rutinaria | F80: Contacto con animales (Bovinos, aves, porcinos, equinos) Presencia de diferentes fluidos de origen animal | G80: BIOLÓGICOS | H80: BACTERIAS | I80: Enfermedades infectocontagiosas, reacciones alérgicas, afecciones en la piel entre otras enfermedades comunes | J80: N/A | K80: N/A | L80: Esquemas de vacunación de hepatitis y tétanos Pruebas anuales de: tuberculosis, toxoplasmosis, brucelosis, Leptospirosis Uso de EPP Como: Guantes de nitrilo, Protector respiratorio, Overol anti fluido, Botas de caucho con punta de acero y suela antideslizante | M80: 2 | N80: 4 | O80: =+M80*N80 -> 8 | P80: =IF(O80=0,"N/A",IF(AND(O80>=1,O80<=4),"Bajo",IF(AND(O80>=6,O80<=9),"Medio",IF(AND(O80>=10,O80<=20),"Alto",IF(O80>=24,"Muy Alto"))))) -> Medio | Q80: 60 | R80: =+O80*Q80 -> 480 | S80: =IF(R80=0,"N/A",IF(AND(R80>=1,R80<=20),"IV",IF(AND(R80>=40,R80<=120),"III",IF(AND(R80>=150,R80<=500),"II",IF(R80>=600,"I"))))) -> II | T80: =IF(S80="I","No aceptable",IF(S80="II","Aceptable con Control Especifico",IF(S80=0,"","Aceptable"))) -> Aceptable con Control Especifico | U80: 14 | V80: Enfermedades generales con relación a la exposición del riesgo. | Z80: Implementar programa de vigilancia Epidemiológico para riesgo Biológico. Campañas de auto cuidado Capacitación Riesgo biológico uso de EPP | AA80: Uso de EPP Como: Guantes de nitrilo, Protector respiratorio N95 para riesgo biológico, Overol anti fluido, gafas de seguridad, Botas de caucho con punta de acero y suela antideslizante | AB80: Si | AC80: Ley Novena de 1979, Decreto 2240 de 1996, Decreto 2676 de 2000, Resolución 1164 de 2002, Ley 1562 de 2012 | AD80: Presencia de archivo dentro del baño de los hombres.
A81: IVC Plantas de Beneficio | B81: Plantas de Beneficio, de bovinos, de aves, porcinos, equinos, pollos, conejos. (Dentro y fuera de la ciudad) | C81: Inspección, verificación de calidad y control de las prácticas de manufactura en las plantas visitadas | D81: Inspección, verificación de calidad y control de las practicas de manufactura en las plantas visitadas Decomisos de materiales y sellamiento de instituciones | E81: Rutinaria | F81: Contacto con animales (Bovinos, aves, porcinos, equinos) Presencia de diferentes fluidos de origen animal Crecimiento de hongos en estos | G81: BIOLÓGICOS | H81: HONGOS | I81: Alergias, Irritaciones, problemas dermatológicos | J81: N/A | K81: N/A | L81: Esquemas de vacunación de hepatitis y tétanos Pruebas anuales de: tuberculosis, toxoplasmosis, brucelosis, Leptospirosis Uso de EPP Como: Guantes de nitrilo, Protector respiratorio, Overol anti fluido, Botas de caucho con punta de acero y suela antideslizante | M81: 2 | N81: 4 | O81: =+M81*N81 -> 8 | P81: =IF(O81=0,"N/A",IF(AND(O81>=1,O81<=4),"Bajo",IF(AND(O81>=6,O81<=9),"Medio",IF(AND(O81>=10,O81<=20),"Alto",IF(O81>=24,"Muy Alto"))))) -> Medio | Q81: 60 | R81: =+O81*Q81 -> 480 | S81: =IF(R81=0,"N/A",IF(AND(R81>=1,R81<=20),"IV",IF(AND(R81>=40,R81<=120),"III",IF(AND(R81>=150,R81<=500),"II",IF(R81>=600,"I"))))) -> II | T81: =IF(S81="I","No aceptable",IF(S81="II","Aceptable con Control Especifico",IF(S81=0,"","Aceptable"))) -> Aceptable con Control Especifico | U81: 14 | V81: Enfermedades generales con relación a la exposición del riesgo. | Z81: Implementar programa de vigilancia Epidemiológico para riesgo Biológico. Campañas de auto cuidado Capacitación Riesgo biológico uso de EPP | AA81: Capacitación de Riesgo Biológico, sensibilización de auto cuidado enfocado a Riesgo Biológico. Suministrar con una mayor frecuencia los EPP: Cofia, protector respiratorio, bata, guantes de nitrilo o látex | AB81: Si | AC81: Ley Novena de 1979, Decreto 2240 de 1996, Decreto 2676 de 2000, Resolución 1164 de 2002, Ley 1562 de 2012
A82: IVC Plantas de Beneficio | B82: Plantas de Beneficio, de bovinos, de aves, porcinos, equinos, pollos, conejos. (Dentro y fuera de la ciudad) | C82: Inspección, verificación de calidad y control de las prácticas de manufactura en las plantas visitadas | D82: Inspección, verificación de calidad y control de las practicas de manufactura en las plantas visitadas Decomisos de materiales y sellamiento de instituciones | E82: Rutinaria | F82: Contacto con animales (Bovinos, aves, porcinos, equinos) Presencia de diferentes fluidos de origen animal Crecimiento de hongos en estos Contacto con vísceras rojas, blancas | G82: BIOLÓGICOS | H82: PARÁSITOS | I82: Infecciones, reacciones alérgicas, afecciones en la piel entre otras enfermedades comunes | J82: N/A | K82: N/A | L82: Esquemas de vacunación de hepatitis y tétanos Pruebas anuales de: tuberculosis, toxoplasmosis, brucelosis, Leptospirosis Uso de EPP Como: Guantes de nitrilo, Protector respiratorio, Overol anti fluido, Botas de caucho con punta de acero y suela antideslizante | M82: 2 | N82: 4 | O82: =+M82*N82 -> 8 | P82: =IF(O82=0,"N/A",IF(AND(O82>=1,O82<=4),"Bajo",IF(AND(O82>=6,O82<=9),"Medio",IF(AND(O82>=10,O82<=20),"Alto",IF(O82>=24,"Muy Alto"))))) -> Medio | Q82: 60 | R82: =+O82*Q82 -> 480 | S82: =IF(R82=0,"N/A",IF(AND(R82>=1,R82<=20),"IV",IF(AND(R82>=40,R82<=120),"III",IF(AND(R82>=150,R82<=500),"II",IF(R82>=600,"I"))))) -> II | T82: =IF(S82="I","No aceptable",IF(S82="II","Aceptable con Control Especifico",IF(S82=0,"","Aceptable"))) -> Aceptable con Control Especifico | U82: 14 | V82: Enfermedades generales con relación a la exposición del riesgo. | Z82: Implementar programa de vigilancia Epidemiológico para riesgo Biológico. Seguimiento y control de esquemas de vacunación Campañas auto cuidado Capacitación Riesgo biológico Seguimiento a exámenes periódicos. uso de EPP | AA82: Uso de EPP Como: Guantes de nitrilo, Protector respiratorio N95 para riesgo biológico, Overol anti fluido, gafas de seguridad, Botas de caucho con punta de acero y suela antideslizante | AB82: Si | AC82: Ley Novena de 1979, Decreto 2240 de 1996, Decreto 2676 de 2000, Resolución 1164 de 2002, Ley 1562 de 2012
A83: IVC Plantas de Beneficio | B83: Plantas de Beneficio, de bovinos, de aves, porcinos, equinos, pollos, conejos. (Dentro y fuera de la ciudad) | C83: Inspección, verificación de calidad y control de las prácticas de manufactura en las plantas visitadas | D83: Inspección, verificación de calidad y control de las practicas de manufactura en las plantas visitadas Decomisos de materiales y sellamiento de instituciones | E83: Rutinaria | F83: Presencia de moscas Realizan comisiones a nivel nacional susceptible a presencia de mosquitos, zancudos en diferentes ambientes | G83: BIOLÓGICOS | H83: PICADURAS | I83: Infecciones, reacciones alérgicas, afecciones en la piel entre otras enfermedades comunes | J83: N/A | K83: N/A | L83: Esquemas de vacunación de hepatitis y tétanos Pruebas anuales de: tuberculosis, toxoplasmosis, brucelosis, Leptospirosis Uso de EPP Como: Guantes de nitrilo, Protector respiratorio, Overol anti fluido, Botas de caucho con punta de acero y suela antideslizante | M83: 2 | N83: 4 | O83: =+M83*N83 -> 8 | P83: =IF(O83=0,"N/A",IF(AND(O83>=1,O83<=4),"Bajo",IF(AND(O83>=6,O83<=9),"Medio",IF(AND(O83>=10,O83<=20),"Alto",IF(O83>=24,"Muy Alto"))))) -> Medio | Q83: 60 | R83: =+O83*Q83 -> 480 | S83: =IF(R83=0,"N/A",IF(AND(R83>=1,R83<=20),"IV",IF(AND(R83>=40,R83<=120),"III",IF(AND(R83>=150,R83<=500),"II",IF(R83>=600,"I"))))) -> II | T83: =IF(S83="I","No aceptable",IF(S83="II","Aceptable con Control Especifico",IF(S83=0,"","Aceptable"))) -> Aceptable con Control Especifico | U83: 14 | V83: Enfermedades generales con relación a la exposición del riesgo. | Z83: Implementar programa de vigilancia Epidemiológico para riesgo Biológico. Campañas de auto cuidado Capacitación Riesgo biológico uso de EPP | AA83: Uso de EPP Como: Guantes de nitrilo, Protector respiratorio N95 para riesgo biológico, Overol anti fluido, gafas de seguridad, Botas de caucho con punta de acero y suela antideslizante | AB83: Si | AC83: Ley Novena de 1979, Decreto 2240 de 1996, Decreto 2676 de 2000, Resolución 1164 de 2002, Ley 1562 de 2012
A84: IVC Plantas de Beneficio | B84: Plantas de Beneficio, de bovinos, de aves, porcinos, equinos, pollos, conejos. (Dentro y fuera de la ciudad) | C84: Inspección, verificación de calidad y control de las prácticas de manufactura en las plantas visitadas | D84: Inspección, verificación de calidad y control de las practicas de manufactura en las plantas visitadas Decomisos de materiales y sellamiento de instituciones | E84: Rutinaria | F84: Presencia de diferentes fluidos de origen animal (Plantas de beneficio) | G84: BIOLÓGICOS | H84: FLUIDOS O EXCREMENTOS | I84: Enfermedades infectocontagiosas Lesiones dermatológicas | J84: N/A | K84: N/A | L84: Esquemas de vacunación de hepatitis y tétanos Pruebas anuales de: tuberculosis, toxoplasmosis, brucelosis, Leptospirosis Uso de EPP Como: Guantes de nitrilo, Protector respiratorio, Overol anti fluido, Botas de caucho con punta de acero y suela antideslizante | M84: 2 | N84: 4 | O84: =+M84*N84 -> 8 | P84: =IF(O84=0,"N/A",IF(AND(O84>=1,O84<=4),"Bajo",IF(AND(O84>=6,O84<=9),"Medio",IF(AND(O84>=10,O84<=20),"Alto",IF(O84>=24,"Muy Alto"))))) -> Medio | Q84: 25 | R84: =+O84*Q84 -> 200 | S84: =IF(R84=0,"N/A",IF(AND(R84>=1,R84<=20),"IV",IF(AND(R84>=40,R84<=120),"III",IF(AND(R84>=150,R84<=500),"II",IF(R84>=600,"I"))))) -> II | T84: =IF(S84="I","No aceptable",IF(S84="II","Aceptable con Control Especifico",IF(S84=0,"","Aceptable"))) -> Aceptable con Control Especifico | U84: 14 | V84: Enfermedades generales con relación a la exposición del riesgo. | Z84: Dar seguimiento a los esquemas de vacunación de hepatitis y tétanos Pruebas anuales de: tuberculosis, toxoplasmosis, brucelosis, Leptospirosis Uso de EPP Como: Guantes de nitrilo, Protector respiratorio, Overol anti fluido, Botas de caucho con punta de acero y suela antideslizante | AA84: Suministrar los EPP necesarios para la actividad de manera frecuente como: Guantes de nitrilo, Protector respiratorio N95 para riesgo biológico, Overol anti fluido, gafas de seguridad, Botas de caucho con punta de acero y suela antideslizante | AB84: Si | AC84: Ley Novena de 1979, Decreto 2240 de 1996, Decreto 2676 de 2000, Resolución 1164 de 2002, Ley 1562 de 2012 | AD84: Presencia de archivo dentro del baño de los hombres.
A85: IVC Plantas de Beneficio | B85: Plantas de Beneficio, de bovinos, de aves, porcinos, equinos, pollos, conejos. (Dentro y fuera de la ciudad) | C85: Inspección, verificación de calidad y control de las prácticas de manufactura en las plantas visitadas | D85: Inspección, verificación de calidad y control de las practicas de manufactura en las plantas visitadas Decomisos de materiales y sellamiento de instituciones | E85: Rutinaria | F85: Procesos y maquinaria en áreas (IVC) | G85: FÍSICOS | H85: RUIDO CONTINUO | I85: Dolores de Cabeza Hipoacusia | J85: N/A | K85: N/A | L85: N/A | M85: 2 | N85: 4 | O85: =M85*N85 -> 8 | P85: =IF(O85=0,"N/A",IF(AND(O85>=1,O85<=4),"Bajo",IF(AND(O85>=6,O85<=9),"Medio",IF(AND(O85>=10,O85<=20),"Alto",IF(O85>=24,"Muy Alto"))))) -> Medio | Q85: 25 | R85: =+O85*Q85 -> 200 | S85: =IF(R85=0,"N/A",IF(AND(R85>=1,R85<=20),"IV",IF(AND(R85>=40,R85<=120),"III",IF(AND(R85>=150,R85<=500),"II",IF(R85>=600,"I"))))) -> II | T85: =IF(S85="I","No aceptable",IF(S85="II","Aceptable con Control Especifico",IF(S85=0,"","Aceptable"))) -> Aceptable con Control Especifico | U85: 14 | V85: Perdida de la capacidad auditiva | Z85: Capacitación uso de EPP, validar la posibilidad de realizar mediciones de higiene referentes a ruido ocupacional (sonometrías, dosimetrías) | AA85: Suministrar de manera frecuente los EPP Uso de protección auditiva de inserción cada vez que se encuentre expuesto al riesgo | AB85: Si | AC85: Resolución 1972 de 1990 Resolución 8321 de 1983
A86: IVC Plantas de Beneficio | B86: Plantas de Beneficio, de bovinos, de aves, porcinos, equinos, pollos, conejos. (Dentro y fuera de la ciudad) | C86: Inspección, verificación de calidad y control de las prácticas de manufactura en las plantas visitadas | D86: Inspección, verificación de calidad y control de las practicas de manufactura en las plantas visitadas Decomisos de materiales y sellamiento de instituciones | E86: Rutinaria | F86: Deficiencia de iluminación en algunos procesos | G86: FÍSICOS | H86: ILUMINACIÓN POR LUZ VISIBLE POR DEFICIENCIA | I86: Dolores de Cabeza Cansancio visual. | J86: N/A | K86: N/A | L86: N/A | M86: 6 | N86: 1 | O86: =+M86*N86 -> 6 | P86: =IF(O86=0,"N/A",IF(AND(O86>=1,O86<=4),"Bajo",IF(AND(O86>=6,O86<=9),"Medio",IF(AND(O86>=10,O86<=20),"Alto",IF(O86>=24,"Muy Alto"))))) -> Medio | Q86: 10 | R86: =+O86*Q86 -> 60 | S86: =IF(R86=0,"N/A",IF(AND(R86>=1,R86<=20),"IV",IF(AND(R86>=40,R86<=120),"III",IF(AND(R86>=150,R86<=500),"II",IF(R86>=600,"I"))))) -> III | T86: =IF(S86="I","No aceptable",IF(S86="II","Aceptable con Control Especifico",IF(S86=0,"","Aceptable"))) -> Aceptable | U86: 14 | V86: Disminución de la agudeza visual | Z86: Campañas de auto cuidado Verificar la posibilidad de realizar estudios de iluminación | AA86: Campañas de auto cuidado | AB86: Si | AC86: Resolución 2400 de 1979
A87: IVC Plantas de Beneficio | B87: Plantas de Beneficio, de bovinos, de aves, porcinos, equinos, pollos, conejos. (Dentro y fuera de la ciudad) | C87: Inspección, verificación de calidad y control de las prácticas de manufactura en las plantas visitadas | D87: Inspección, verificación de calidad y control de las practicas de manufactura en las plantas visitadas Decomisos de materiales y sellamiento de instituciones | E87: Rutinaria | F87: Choques térmicos actividades en áreas con diferentes temperaturas | G87: FÍSICOS | H87: DISCONFORTERMICO | I87: Dolores de cabeza, resfriados, enfermedad general, sistema inmunológico bajo de defensas, estrés térmico, falta de sueño y disminución de rendimiento en el trabajo | J87: N/A | K87: N/A | L87: Uso de chaquetas para bajas temperaturas y trajes térmicos para temperaturas altas | M87: 2 | N87: 4 | O87: =+M87*N87 -> 8 | P87: =IF(O87=0,"N/A",IF(AND(O87>=1,O87<=4),"Bajo",IF(AND(O87>=6,O87<=9),"Medio",IF(AND(O87>=10,O87<=20),"Alto",IF(O87>=24,"Muy Alto"))))) -> Medio | Q87: 25 | R87: =+O87*Q87 -> 200 | S87: =IF(R87=0,"N/A",IF(AND(R87>=1,R87<=20),"IV",IF(AND(R87>=40,R87<=120),"III",IF(AND(R87>=150,R87<=500),"II",IF(R87>=600,"I"))))) -> II | T87: =IF(S87="I","No aceptable",IF(S87="II","Aceptable con Control Especifico",IF(S87=0,"","Aceptable"))) -> Aceptable con Control Especifico | U87: 14 | V87: Golpe de calor, deshidratación, agravamiento de trastornos cardiovasculares. | Z87: Campañas de auto cuidado y uso de EPP | AA87: Pausas activas para evitar choques térmicos Uso de chaquetas cuando se expone al peligro | AB87: Si | AC87: Resolución 2400 de 1979
A88: IVC Plantas de Beneficio | B88: Plantas de Beneficio, de bovinos, de aves, porcinos, equinos, pollos, conejos. (Dentro y fuera de la ciudad) | C88: Inspección, verificación de calidad y control de las prácticas de manufactura en las plantas visitadas | D88: Inspección, verificación de calidad y control de las practicas de manufactura en las plantas visitadas Decomisos de materiales y sellamiento de instituciones | E88: Rutinaria | F88: Sala de procesos de altas temperaturas, escaldado de aves y cerdos | G88: FÍSICOS | H88: TEMPERATURAS EXTREMAS CALOR | I88: Agotamiento físico lesiones dérmicas, Dolores de cabeza, resfriados, enfermedad general, sistema inmunológico bajo de defensas, estrés térmico, falta de sueño y disminución de rendimiento en el trabajo | J88: N/A | K88: N/A | L88: Uso de trajes térmicos para temperaturas altas | M88: 6 | N88: 3 | O88: =+M88*N88 -> 18 | P88: =IF(O88=0,"N/A",IF(AND(O88>=1,O88<=4),"Bajo",IF(AND(O88>=6,O88<=9),"Medio",IF(AND(O88>=10,O88<=20),"Alto",IF(O88>=24,"Muy Alto"))))) -> Alto | Q88: 25 | R88: =+O88*Q88 -> 450 | S88: =IF(R88=0,"N/A",IF(AND(R88>=1,R88<=20),"IV",IF(AND(R88>=40,R88<=120),"III",IF(AND(R88>=150,R88<=500),"II",IF(R88>=600,"I"))))) -> II | T88: =IF(S88="I","No aceptable",IF(S88="II","Aceptable con Control Especifico",IF(S88=0,"","Aceptable"))) -> Aceptable con Control Especifico | U88: 14 | V88: Golpe de calor, deshidratación, agravamiento de trastornos cardiovasculares. | Z88: Realizar campañas de auto cuidado Contar con puntos de hidratación para los trabajadores. | AA88: Pausas activas para evitar choques térmicos Uso de chaquetas cuando se expone al peligro | AB88: Si | AC88: Ley 9 de 1979
A89: IVC Plantas de Beneficio | B89: Plantas de Beneficio, de bovinos, de aves, porcinos, equinos, pollos, conejos. (Dentro y fuera de la ciudad) | C89: Inspección, verificación de calidad y control de las prácticas de manufactura en las plantas visitadas | D89: Inspección, verificación de calidad y control de las practicas de manufactura en las plantas visitadas Decomisos de materiales y sellamiento de instituciones | E89: Rutinaria | F89: Ingreso a cuartos fríos, hielo, enfriamiento de canales, tanques agua, hielo | G89: FÍSICOS | H89: TEMPERATURAS EXTREMAS FRIO | I89: Agotamiento físico lesiones dérmicas, Dolores de cabeza, resfriados, enfermedad general, sistema inmunológico bajo de defensas, estrés térmico, falta de sueño y disminución de rendimiento en el trabajo | J89: N/A | K89: N/A | L89: N/A | M89: 2 | N89: 4 | O89: =+M89*N89 -> 8 | P89: =IF(O89=0,"N/A",IF(AND(O89>=1,O89<=4),"Bajo",IF(AND(O89>=6,O89<=9),"Medio",IF(AND(O89>=10,O89<=20),"Alto",IF(O89>=24,"Muy Alto"))))) -> Medio | Q89: 25 | R89: =+O89*Q89 -> 200 | S89: =IF(R89=0,"N/A",IF(AND(R89>=1,R89<=20),"IV",IF(AND(R89>=40,R89<=120),"III",IF(AND(R89>=150,R89<=500),"II",IF(R89>=600,"I"))))) -> II | T89: =IF(S89="I","No aceptable",IF(S89="II","Aceptable con Control Especifico",IF(S89=0,"","Aceptable"))) -> Aceptable con Control Especifico | U89: 14 | V89: Hipotermia | Z89: Suministrar la ropa adecuada para ingreso a los cuartos fríos. Realizar campañas de auto cuidado | AA89: Pausas activas para evitar choques térmicos Uso de chaqueta al ingreso de cuartos fríos | AB89: Si | AC89: Ley 9 de 1979
A90: IVC Plantas de Beneficio | B90: Plantas de Beneficio, de bovinos, de aves, porcinos, equinos, pollos, conejos. (Dentro y fuera de la ciudad) | C90: Inspección, verificación de calidad y control de las prácticas de manufactura en las plantas visitadas | D90: Inspección, verificación de calidad y control de las practicas de manufactura en las plantas visitadas Decomisos de materiales y sellamiento de instituciones | E90: Rutinaria | F90: Exposición a partículas de pelo, orina, incineración de partes de animales, huesos | G90: QUÍMICOS | H90: Polvos Inorgánicos | I90: Afecciones respiratorias | J90: N/A | K90: N/A | L90: Uso de EPP. Protector respiratorio | M90: 6 | N90: 3 | O90: =+M90*N90 -> 18 | P90: =IF(O90=0,"N/A",IF(AND(O90>=1,O90<=4),"Bajo",IF(AND(O90>=6,O90<=9),"Medio",IF(AND(O90>=10,O90<=20),"Alto",IF(O90>=24,"Muy Alto"))))) -> Alto | Q90: 25 | R90: =+O90*Q90 -> 450 | S90: =IF(R90=0,"N/A",IF(AND(R90>=1,R90<=20),"IV",IF(AND(R90>=40,R90<=120),"III",IF(AND(R90>=150,R90<=500),"II",IF(R90>=600,"I"))))) -> II | T90: =IF(S90="I","No aceptable",IF(S90="II","Aceptable con Control Especifico",IF(S90=0,"","Aceptable"))) -> Aceptable con Control Especifico | U90: 14 | V90: Intoxicaciones graves. | Z90: Campañas de auto cuidado y uso de EPP Capacitación en prevención del riesgo químico | AA90: Uso de EPP: protector respiratorio N95 y guantes de látex o nitrilo | AB90: Si | AC90: Ley 9 de 1979, Resolución 2400 de 1979, Convenio 170 de 1990, Decreto 1843 de 1991, Ley 29 de 1992 Ley 55 de 1993, Ley 253 de 1996, Ley 320 de 1996, Decreto 1443 de 2014
A91: IVC Plantas de Beneficio | B91: Plantas de Beneficio, de bovinos, de aves, porcinos, equinos, pollos, conejos. (Dentro y fuera de la ciudad) | C91: Inspección, verificación de calidad y control de las prácticas de manufactura en las plantas visitadas | D91: Inspección, verificación de calidad y control de las practicas de manufactura en las plantas visitadas Decomisos de materiales y sellamiento de instituciones | E91: Rutinaria | F91: Vapores generados en los diferentes procesos aspersores con ácidos orgánicos escaldado de aves y porcinos | G91: QUÍMICOS | H91: Gases y vapores | I91: Irritaciones en vías respiratorias | J91: N/A | K91: N/A | L91: Uso de EPP. Protector respiratorio | M91: 2 | N91: 4 | O91: =+M91*N91 -> 8 | P91: =IF(O91=0,"N/A",IF(AND(O91>=1,O91<=4),"Bajo",IF(AND(O91>=6,O91<=9),"Medio",IF(AND(O91>=10,O91<=20),"Alto",IF(O91>=24,"Muy Alto"))))) -> Medio | Q91: 25 | R91: =+O91*Q91 -> 200 | S91: =IF(R91=0,"N/A",IF(AND(R91>=1,R91<=20),"IV",IF(AND(R91>=40,R91<=120),"III",IF(AND(R91>=150,R91<=500),"II",IF(R91>=600,"I"))))) -> II | T91: =IF(S91="I","No aceptable",IF(S91="II","Aceptable con Control Especifico",IF(S91=0,"","Aceptable"))) -> Aceptable con Control Especifico | U91: 14 | V91: Afecciones respiratorias, intoxicaciones y alergias | Z91: Campañas de auto cuidado y uso de EPP Capacitación en prevención del riesgo químico | AA91: Suministrar lo EPP necesarios para la actividad: Uso de EPP: protector respiratorio N95 y guantes de látex o nitrilo | AB91: Si | AC91: Ley 9 de 1979, Resolución 2400 de 1979, Convenio 170 de 1990, Decreto 1843 de 1991, Ley 29 de 1992 Ley 55 de 1993, Ley 253 de 1996, Ley 320 de 1996, Decreto 1443 de 2014
A92: IVC Plantas de Beneficio | B92: Plantas de Beneficio, de bovinos, de aves, porcinos, equinos, pollos, conejos. (Dentro y fuera de la ciudad) | C92: Inspección, verificación de calidad y control de las prácticas de manufactura en las plantas visitadas | D92: Inspección, verificación de calidad y control de las practicas de manufactura en las plantas visitadas Decomisos de materiales y sellamiento de instituciones | E92: Rutinaria | F92: El personal se encuentra la mayor parte del tiempo con suficiente carga laboral Jornadas de trabajo que se extienden Verificación de procesos en jornadas nocturnas | G92: PSICOSOCIAL | H92: Jornada de Trabajo | I92: Estrés laboral, alteraciones del sueño | J92: N/A | K92: Implementación de batería de riesgo | L92: Talleres para reducción de Riesgo Psicosocial. | M92: 6 | N92: 3 | O92: =+M92*N92 -> 18 | P92: =IF(O92=0,"N/A",IF(AND(O92>=1,O92<=4),"Bajo",IF(AND(O92>=6,O92<=9),"Medio",IF(AND(O92>=10,O92<=20),"Alto",IF(O92>=24,"Muy Alto"))))) -> Alto | Q92: 25 | R92: =+O92*Q92 -> 450 | S92: =IF(R92=0,"N/A",IF(AND(R92>=1,R92<=20),"IV",IF(AND(R92>=40,R92<=120),"III",IF(AND(R92>=150,R92<=500),"II",IF(R92>=600,"I"))))) -> II | T92: =IF(S92="I","No aceptable",IF(S92="II","Aceptable con Control Especifico",IF(S92=0,"","Aceptable"))) -> Aceptable con Control Especifico | U92: 14 | V92: Diversas enfermedades psicológicas. | Z92: Capacitación en prevención del Riesgo Psicosocial, manejo de estrés y autocuidado, Seguimiento a resultados de la implementación de la batería de riesgo psicosocial, programa de pausas activas o actividades lúdicas | AA92: Capacitaciones en Trabajo en equipo, clima organizacional, motivación laboral, manejo de estrés, comunicación asertiva, relaciones interpersonales, prevención del estrés. | AB92: Si
A93: IVC Plantas de Beneficio | B93: Plantas de Beneficio, de bovinos, de aves, porcinos, equinos, pollos, conejos. (Dentro y fuera de la ciudad) | C93: Inspección, verificación de calidad y control de las prácticas de manufactura en las plantas visitadas | D93: Inspección, verificación de calidad y control de las practicas de manufactura en las plantas visitadas Decomisos de materiales y sellamiento de instituciones | E93: Rutinaria | F93: El personal se encuentra la mayor parte del tiempo con suficiente carga laboral Jornadas de trabajo que se extienden Verificación de procesos en jornadas nocturnas | G93: PSICOSOCIAL | H93: Jornada de Trabajo | I93: Estrés laboral, alteraciones del sueño | J93: N/A | K93: Implementación de batería de riesgo | L93: Talleres para reducción de Riesgo Psicosocial. | M93: 6 | N93: 3 | O93: =+M93*N93 -> 18 | P93: =IF(O93=0,"N/A",IF(AND(O93>=1,O93<=4),"Bajo",IF(AND(O93>=6,O93<=9),"Medio",IF(AND(O93>=10,O93<=20),"Alto",IF(O93>=24,"Muy Alto"))))) -> Alto | Q93: 25 | R93: =+O93*Q93 -> 450 | S93: =IF(R93=0,"N/A",IF(AND(R93>=1,R93<=20),"IV",IF(AND(R93>=40,R93<=120),"III",IF(AND(R93>=150,R93<=500),"II",IF(R93>=600,"I"))))) -> II | T93: =IF(S93="I","No aceptable",IF(S93="II","Aceptable con Control Especifico",IF(S93=0,"","Aceptable"))) -> Aceptable con Control Especifico | U93: 14 | V93: Diversas enfermedades psicológicas. | Z93: Capacitación en prevención del Riesgo Psicosocial, manejo de estrés y autocuidado, Seguimiento a resultados de la implementación de la batería de riesgo psicosocial, programa de pausas activas o actividades lúdicas | AA93: Capacitaciones en Trabajo en equipo, clima organizacional, motivación laboral, manejo de estrés, comunicación asertiva, relaciones interpersonales, prevención del estrés. | AB93: Si
A94: IVC Plantas de Beneficio | B94: Plantas de Beneficio, de bovinos, de aves, porcinos, equinos, pollos, conejos. (Dentro y fuera de la ciudad) | C94: Inspección, verificación de calidad y control de las prácticas de manufactura en las plantas visitadas | D94: Inspección, verificación de calidad y control de las practicas de manufactura en las plantas visitadas Decomisos de materiales y sellamiento de instituciones | E94: Rutinaria | F94: El personal se encuentra la mayor parte del tiempo con suficiente carga laboral Trato con diferentes tipo de clientes constantemente Sanciones y sellamientos de empresas Rotación de horarios de trabajo | G94: PSICOSOCIAL | H94: Condiciones de la Tarea (carga mental, contenido de la tarea, demandas emocionales, monotonía) | I94: Estrés laboral | J94: N/A | K94: Implementación de batería de riesgo | L94: Talleres para reducción de Riesgo Psicosocial. | M94: 6 | N94: 3 | O94: =+M94*N94 -> 18 | P94: =IF(O94=0,"N/A",IF(AND(O94>=1,O94<=4),"Bajo",IF(AND(O94>=6,O94<=9),"Medio",IF(AND(O94>=10,O94<=20),"Alto",IF(O94>=24,"Muy Alto"))))) -> Alto | Q94: 25 | R94: =+O94*Q94 -> 450 | S94: =IF(R94=0,"N/A",IF(AND(R94>=1,R94<=20),"IV",IF(AND(R94>=40,R94<=120),"III",IF(AND(R94>=150,R94<=500),"II",IF(R94>=600,"I"))))) -> II | T94: =IF(S94="I","No aceptable",IF(S94="II","Aceptable con Control Especifico",IF(S94=0,"","Aceptable"))) -> Aceptable con Control Especifico | U94: 14 | V94: Diversas enfermedades psicológicas. | Z94: Capacitación en prevención del Riesgo Psicosocial, manejo de estrés y autocuidado, Seguimiento a resultados de la implementación de la batería de riesgo psicosocial, programa de pausas activas o actividades lúdicas | AA94: Capacitaciones en Trabajo en equipo, clima organizacional, motivación laboral, manejo de estrés, comunicación asertiva, relaciones interpersonales, prevención del estrés. | AB94: Si
A95: IVC Plantas de Beneficio | B95: Plantas de Beneficio, de bovinos, de aves, porcinos, equinos, pollos, conejos. (Dentro y fuera de la ciudad) | C95: Inspección, verificación de calidad y control de las prácticas de manufactura en las plantas visitadas | D95: Inspección, verificación de calidad y control de las practicas de manufactura en las plantas visitadas Decomisos de materiales y sellamiento de instituciones | E95: Rutinaria | F95: El personal se encuentra la mayor parte del tiempo con suficiente carga laboral Jornadas de trabajo que se extienden Verificación de procesos en jornadas nocturnas | G95: PSICOSOCIAL | H95: Jornada de Trabajo | I95: Estrés laboral, alteraciones del sueño | J95: N/A | K95: Implementación de batería de riesgo | L95: Talleres para reducción de Riesgo Psicosocial. | M95: 6 | N95: 3 | O95: =+M95*N95 -> 18 | P95: =IF(O95=0,"N/A",IF(AND(O95>=1,O95<=4),"Bajo",IF(AND(O95>=6,O95<=9),"Medio",IF(AND(O95>=10,O95<=20),"Alto",IF(O95>=24,"Muy Alto"))))) -> Alto | Q95: 25 | R95: =+O95*Q95 -> 450 | S95: =IF(R95=0,"N/A",IF(AND(R95>=1,R95<=20),"IV",IF(AND(R95>=40,R95<=120),"III",IF(AND(R95>=150,R95<=500),"II",IF(R95>=600,"I"))))) -> II | T95: =IF(S95="I","No aceptable",IF(S95="II","Aceptable con Control Especifico",IF(S95=0,"","Aceptable"))) -> Aceptable con Control Especifico | U95: 14 | V95: Diversas enfermedades psicológicas. | Z95: Capacitación en prevención del Riesgo Psicosocial, manejo de estrés y autocuidado, Seguimiento a resultados de la implementación de la batería de riesgo psicosocial, programa de pausas activas o actividades lúdicas | AA95: Capacitaciones en Trabajo en equipo, clima organizacional, motivación laboral, manejo de estrés, comunicación asertiva, relaciones interpersonales, prevención del estrés. | AB95: Si
A96: IVC Plantas de Beneficio | B96: Plantas de Beneficio, de bovinos, de aves, porcinos, equinos, pollos, conejos. (Dentro y fuera de la ciudad) | C96: Inspección, verificación de calidad y control de las prácticas de manufactura en las plantas visitadas | D96: Inspección, verificación de calidad y control de las practicas de manufactura en las plantas visitadas Decomisos de materiales y sellamiento de instituciones | E96: Rutinaria | F96: El personal se encuentra la mayor parte del tiempo con suficiente carga laboral Trato con diferentes tipo de clientes constantemente Sanciones y sellamientos de empresas Rotación de horarios de trabajo | G96: PSICOSOCIAL | H96: Condiciones de la Tarea (carga mental, contenido de la tarea, demandas emocionales, monotonía) | I96: Estrés laboral por malos tratos de terceros | J96: N/A | K96: Implementación de batería de riesgo | L96: Talleres para reducción de Riesgo Psicosocial. | M96: 6 | N96: 3 | O96: =+M96*N96 -> 18 | P96: =IF(O96=0,"N/A",IF(AND(O96>=1,O96<=4),"Bajo",IF(AND(O96>=6,O96<=9),"Medio",IF(AND(O96>=10,O96<=20),"Alto",IF(O96>=24,"Muy Alto"))))) -> Alto | Q96: 25 | R96: =+O96*Q96 -> 450 | S96: =IF(R96=0,"N/A",IF(AND(R96>=1,R96<=20),"IV",IF(AND(R96>=40,R96<=120),"III",IF(AND(R96>=150,R96<=500),"II",IF(R96>=600,"I"))))) -> II | T96: =IF(S96="I","No aceptable",IF(S96="II","Aceptable con Control Especifico",IF(S96=0,"","Aceptable"))) -> Aceptable con Control Especifico | U96: 14 | V96: Diversas enfermedades psicológicas. | Z96: Capacitación en prevención del Riesgo Psicosocial, manejo de estrés y autocuidado, Seguimiento a resultados de la implementación de la batería de riesgo psicosocial, programa de pausas activas o actividades lúdicas | AA96: Capacitaciones en Trabajo en equipo, clima organizacional, motivación laboral, manejo de estrés, comunicación asertiva, relaciones interpersonales, prevención del estrés. | AB96: Si
A97: IVC Plantas de Beneficio | B97: Plantas de Beneficio, de bovinos, de aves, porcinos, equinos, pollos, conejos. (Dentro y fuera de la ciudad) | C97: Inspección, verificación de calidad y control de las prácticas de manufactura en las plantas visitadas | D97: Inspección, verificación de calidad y control de las practicas de manufactura en las plantas visitadas Decomisos de materiales y sellamiento de instituciones | E97: Rutinaria | F97: La actividad se realiza la mayoría del tiempo en postura sedente en áreas administrativas sin embargo algunas labores de acompañamiento en postura de pie. | G97: BIOMECÁNICOS | H97: POSTURA PROLONGADA | I97: Dolores de espalda, problemas osteomusculares | J97: N/A | K97: N/A | L97: Uso de Medias anti varicosas de tensión media | M97: 2 | N97: 4 | O97: =+M97*N97 -> 8 | P97: =IF(O97=0,"N/A",IF(AND(O97>=1,O97<=4),"Bajo",IF(AND(O97>=6,O97<=9),"Medio",IF(AND(O97>=10,O97<=20),"Alto",IF(O97>=24,"Muy Alto"))))) -> Medio | Q97: 25 | R97: =+O97*Q97 -> 200 | S97: =IF(R97=0,"N/A",IF(AND(R97>=1,R97<=20),"IV",IF(AND(R97>=40,R97<=120),"III",IF(AND(R97>=150,R97<=500),"II",IF(R97>=600,"I"))))) -> II | T97: =IF(S97="I","No aceptable",IF(S97="II","Aceptable con Control Especifico",IF(S97=0,"","Aceptable"))) -> Aceptable con Control Especifico | U97: 14 | V97: Desordenes musculo esqueléticos. | Z97: Campañas de auto cuidado y realizar de pausas activas PVE riesgo biomecánico | AA97: Uso de Medias anti varicosas de tensión media Realizar pausas activas durante su jornada laboral | AB97: Si | AC97: Resolución 2400 de 1979 Decreto 1443 de 2014 Decreto ley 1295 de 1994
A98: IVC Plantas de Beneficio | B98: Plantas de Beneficio, de bovinos, de aves, porcinos, equinos, pollos, conejos. (Dentro y fuera de la ciudad) | C98: Inspección, verificación de calidad y control de las prácticas de manufactura en las plantas visitadas | D98: Inspección, verificación de calidad y control de las practicas de manufactura en las plantas visitadas Decomisos de materiales y sellamiento de instituciones | E98: Rutinaria | F98: Actividades administrativas todo el tiempo uso de mouse y teclado Procesos de IVC | G98: BIOMECÁNICOS | H98: MOVIMIENTO REPETITIVO | I98: Dolores constantes y malestar en miembros superiores (manos, codos, hombros) Fatiga muscular. | J98: N/A | K98: N/A | L98: PVE riesgo biomecánico pausas activas Exámenes médicos periódicos que incluyen aspectos osteomusculares. | M98: 2 | N98: 3 | O98: =+M98*N98 -> 6 | P98: =IF(O98=0,"N/A",IF(AND(O98>=1,O98<=4),"Bajo",IF(AND(O98>=6,O98<=9),"Medio",IF(AND(O98>=10,O98<=20),"Alto",IF(O98>=24,"Muy Alto"))))) -> Medio | Q98: 25 | R98: =+O98*Q98 -> 150 | S98: =IF(R98=0,"N/A",IF(AND(R98>=1,R98<=20),"IV",IF(AND(R98>=40,R98<=120),"III",IF(AND(R98>=150,R98<=500),"II",IF(R98>=600,"I"))))) -> II | T98: =IF(S98="I","No aceptable",IF(S98="II","Aceptable con Control Especifico",IF(S98=0,"","Aceptable"))) -> Aceptable con Control Especifico | U98: 14 | V98: Desordenes musculo esqueléticos. | Z98: Dar continuidad al PVE riesgo biomecánico Campañas de auto cuidado y realizar de pausas activas | AA98: Realizar pausas activas durante su jornada laboral | AB98: Si | AC98: Resolución 2400 de 1979 Decreto 1443 de 2014 Decreto ley 1295 de 1994
A99: IVC Plantas de Beneficio | B99: Plantas de Beneficio, de bovinos, de aves, porcinos, equinos, pollos, conejos. (Dentro y fuera de la ciudad) | C99: Inspección, verificación de calidad y control de las prácticas de manufactura en las plantas visitadas | D99: Inspección, verificación de calidad y control de las practicas de manufactura en las plantas visitadas Decomisos de materiales y sellamiento de instituciones | E99: Rutinaria | F99: El personal se encuentra realizando trabajo administrativo en posición sedente durante la jornada laboral. | G99: BIOMECÁNICOS | H99: POSTURA FORZADA | I99: Dolores osteomusculares Lesiones de columna | J99: N/A | K99: N/A | L99: PVE Riesgo biomecánico Programa Pausas Activas | M99: 2 | N99: 3 | O99: =+M99*N99 -> 6 | P99: =IF(O99=0,"N/A",IF(AND(O99>=1,O99<=4),"Bajo",IF(AND(O99>=6,O99<=9),"Medio",IF(AND(O99>=10,O99<=20),"Alto",IF(O99>=24,"Muy Alto"))))) -> Medio | Q99: 25 | R99: =+O99*Q99 -> 150 | S99: =IF(R99=0,"N/A",IF(AND(R99>=1,R99<=20),"IV",IF(AND(R99>=40,R99<=120),"III",IF(AND(R99>=150,R99<=500),"II",IF(R99>=600,"I"))))) -> II | T99: =IF(S99="I","No aceptable",IF(S99="II","Aceptable con Control Especifico",IF(S99=0,"","Aceptable"))) -> Aceptable con Control Especifico | U99: 14 | V99: Desordenes musculo esqueléticos. | Z99: Campañas de auto cuidado y realizar de pausas activas PVE riesgo biomecánico | AA99: Realizar pausas activas durante su jornada laboral | AB99: Si | AC99: Resolución 2400 de 1979 Decreto 1443 de 2014 Decreto ley 1295 de 1994
A100: IVC Plantas de Beneficio | B100: Plantas de Beneficio, de bovinos, de aves, porcinos, equinos, pollos, conejos. (Dentro y fuera de la ciudad) | C100: Inspección, verificación de calidad y control de las prácticas de manufactura en las plantas visitadas | D100: Inspección, verificación de calidad y control de las practicas de manufactura en las plantas visitadas Decomisos de materiales y sellamiento de instituciones | E100: Rutinaria | F100: Manipulación de cargas, levantamiento de vísceras, partes de los animales. Etc. | G100: BIOMECÁNICOS | H100: MANIPULACIÓN MANUAL DE CARGAS | I100: Fatiga muscular, espasmos musculares, dolor en espalda, extremidades superiores e inferiores. | J100: N/A | K100: N/A | L100: PVE riesgo biomecánico pausas activas | M100: 2 | N100: 3 | O100: =+M100*N100 -> 6 | P100: =IF(O100=0,"N/A",IF(AND(O100>=1,O100<=4),"Bajo",IF(AND(O100>=6,O100<=9),"Medio",IF(AND(O100>=10,O100<=20),"Alto",IF(O100>=24,"Muy Alto"))))) -> Medio | Q100: 25 | R100: =+O100*Q100 -> 150 | S100: =IF(R100=0,"N/A",IF(AND(R100>=1,R100<=20),"IV",IF(AND(R100>=40,R100<=120),"III",IF(AND(R100>=150,R100<=500),"II",IF(R100>=600,"I"))))) -> II | T100: =IF(S100="I","No aceptable",IF(S100="II","Aceptable con Control Especifico",IF(S100=0,"","Aceptable"))) -> Aceptable con Control Especifico | U100: 14 | V100: Desordenes musculo esqueléticos. | Z100: Dar continuidad al PVE Riesgo Biomecánico. Campañas de auto cuidado y realizar pausas activas Sensibilización manipulación manual de cargas | AA100: Capacitación Higiene postural, manipulación manual de cargas. | AB100: Si | AC100: Resolución 2400 de 1979 Decreto 1443 de 2014 Decreto ley 1295 de 1994
A101: IVC Plantas de Beneficio | B101: Plantas de Beneficio, de bovinos, de aves, porcinos, equinos, pollos, conejos. (Dentro y fuera de la ciudad) | C101: Inspección, verificación de calidad y control de las prácticas de manufactura en las plantas visitadas | D101: Inspección, verificación de calidad y control de las practicas de manufactura en las plantas visitadas Decomisos de materiales y sellamiento de instituciones | E101: Rutinaria | F101: Manipulación de cargas de 60 kg | G101: BIOMECÁNICOS | H101: ESFUERZO | I101: Fatiga y espasmos musculares, dolor de espalda, de extremidades superiores e inferiores. | J101: N/A | K101: N/A | L101: PVE riesgo biomecánico pausas activas | M101: 6 | N101: 3 | O101: =+M101*N101 -> 18 | P101: =IF(O101=0,"N/A",IF(AND(O101>=1,O101<=4),"Bajo",IF(AND(O101>=6,O101<=9),"Medio",IF(AND(O101>=10,O101<=20),"Alto",IF(O101>=24,"Muy Alto"))))) -> Alto | Q101: 25 | R101: =+O101*Q101 -> 450 | S101: =IF(R101=0,"N/A",IF(AND(R101>=1,R101<=20),"IV",IF(AND(R101>=40,R101<=120),"III",IF(AND(R101>=150,R101<=500),"II",IF(R101>=600,"I"))))) -> II | T101: =IF(S101="I","No aceptable",IF(S101="II","Aceptable con Control Especifico",IF(S101=0,"","Aceptable"))) -> Aceptable con Control Especifico | U101: 14 | V101: Desordenes musculo esqueléticos. | Z101: Campañas de auto cuidado y realizar de pausas activas PVE riesgo biomecánico | AA101: Capacitación manejo manual de cargas | AB101: Si | AC101: Resolución 2400 de 1979 Decreto 1443 de 2014 Decreto ley 1295 de 1994
...

Sheet RIESGOS
A2: Clasificación del Riesgo | B2: # | C2: % | E2: DESCRIPCIÓN | F2: # | G2: % | I2: ACEPTABILIDAD DEL RIESGO | J2: #
A3: BIOLÓGICOS | B3: =+COUNTIF('Matriz de Peligros 2019'!$G$15:$G$140,"BIOLÓGICOS") -> 21 | C3: =B3/B10*100 -> 16.666667 | E3: I | F3: =+COUNTIF('Matriz de Peligros 2019'!$S$15:$S$140,"I") -> 0 | G3: =F3/F7*100 -> 0 | I3: ACEPTABLE | J3: =+COUNTIF('Matriz de Peligros 2019'!$T$15:$T$140,"ACEPTABLE") -> 6
A4: BIOMECÁNICOS | B4: =+COUNTIF('Matriz de Peligros 2019'!$G$15:$G$140,"BIOMECÁNICOS") -> 18 | C4: =B4/B10*100 -> 14.285714 | E4: II | F4: =+COUNTIF('Matriz de Peligros 2019'!$S$15:$S$140,"II") -> 120 | G4: =F4/F7*100 -> 95.238095 | I4: ACEPTABLE CON CONTROL ESPECIFICO | J4: =+COUNTIF('Matriz de Peligros 2019'!$T$15:$T$140,"ACEPTABLE CON CONTROL ESPECIFICO") -> 120
A5: CONDICIONES DE SEGURIDAD | B5: =+COUNTIF('Matriz de Peligros 2019'!$G$15:$G$140,"CONDICIONES DE SEGURIDAD") -> 45 | C5: =B5/B10*100 -> 35.714286 | E5: III | F5: =+COUNTIF('Matriz de Peligros 2019'!$S$15:$S$140,"III") -> 6 | G5: =F5/F7*100 -> 4.7619048 | I5: NO ACEPTABLE | J5: =+COUNTIF('Matriz de Peligros 2019'!$T$15:$T$140,"NO ACEPTABLE") -> 0
A6: FENÓMENOS NATURALES | B6: =+COUNTIF('Matriz de Peligros 2019'!$G$15:$G$140,"FENÓMENOS NATURALES") -> 1 | C6: =B6/B10*100 -> 0.79365079 | E6: IV | F6: =+COUNTIF('Matriz de Peligros 2019'!$S$15:$S$140,"IV") -> 0 | G6: =F6/F7*100 -> 0 | J6: =SUM(J3:J5) -> 126
A7: FÍSICOS | B7: =+COUNTIF('Matriz de Peligros 2019'!$G$15:$G$140,"FÍSICOS") -> 13 | C7: =B7/B10*100 -> 10.31746 | E7: TOTAL | F7: =SUM(F3:F6) -> 126 | G7: =SUM(G3:G6) -> 100
A8: PSICOSOCIAL | B8: =+COUNTIF('Matriz de Peligros 2019'!$G$15:$G$140,"PSICOSOCIAL") -> 19 | C8: =B8/B10*100 -> 15.079365
A9: QUÍMICOS | B9: =+COUNTIF('Matriz de Peligros 2019'!$G$15:$G$140,"QUÍMICOS") -> 9 | C9: =B9/B10*100 -> 7.1428571
A10: TOTAL | B10: =SUM(B3:B9) -> 126 | C10: =SUM(C3:C9) -> 100
